 Dungeon Crawl Stone Soup version 0.31.0 (webtiles) character file.

Game seed: 5610668805567128030

382968 qw the Slayer (level 22, 1/1 HPs)
             Began as a Gargoyle Hunter on Jan 20, 2024.
             Was a Believer of Okawaru.
             Quit the game in a wizard's laboratory.
             The game lasted 00:15:33 (60534 turns).

qw the Slayer (Gargoyle Hunter)                    Turns: 60534, Time: 00:15:33

Health: 1/1        AC: 38    Str: 17    XL:     22   Next: 93%
Magic:  29/29      EV: 32    Int: 11    God:    Okawaru [**....]
Gold:   1507       SH:  5    Dex: 25    Spells: 21/21 levels left

rFire   + . .        D - +0 hand cannon (drain)
rCold   + . .        (no shield)
rNeg    + . .        v - +2 troll leather armour
rPois   inf          w - +2 helmet {SInv}
rElec   +            j - +2 cloak
rCorr   +            a - +3 pair of gloves of the Albatross {-Cast rF+ rC+ Dex+3}
SInv    +            i - +2 pair of boots of Ennui {+Inv rCorr Dex-5 Slay+5}
Will    +....        A - amulet of reflection
Stlth   ++           f - +6 ring of dexterity
HPRegen 1.00/turn    m - +5 ring of evasion
MPRegen 0.21/turn

%: no spellcasting, reflection
@: flying
A: sickness immunity, AC +16, big wings, negative energy resistance 1,
electricity resistance, torment resistance 1, petrification resistance
}: 2/15 runes: decaying, gossamer
a: Renounce Religion, Evoke Invisibility, Heroism


You were in a wizard's laboratory.
You worshipped Okawaru.
Okawaru was pleased with you.
You visited 8 branches of the dungeon, and saw 37 of its levels.
You also visited: Gauntlet and Wizlab.

You collected 4102 gold pieces.
You spent 2595 gold pieces at shops.


Innate Abilities, Weirdness & Mutations

You are immune to sickness and miasma.
Your stone body is resilient. (AC +16)
You are immune to poison.
Your large and strong wings let you fly.
You resist negative energy. (rN+)
You are resistant to electric shocks. (rElec)
You are resistant to unholy torment.
You are immune to petrification.


   Skills:
 - Level 24.5 Fighting
 + Level 23.5 Ranged Weapons
 - Level 13.0 Armour
 - Level 17.0 Dodging
 - Level 1.1 Stealth
 - Level 10.0 Invocations


You had 21 spell levels left.
You didn't know any spells.
Your spell library was empty.

Inventory:

Hand Weapons
 D - a +0 hand cannon of draining (weapon)
Armour
 a - the +3 pair of gloves of the Albatross (worn) {-Cast rF+ rC+ Dex+3}
   (Okawaru gifted it to you on level 2 of the Lair of Beasts)

   Dex+3:     It affects your dexterity (+3).
   rF+:       It protects you from fire.
   rC+:       It protects you from cold.
   -Cast:     It prevents spellcasting.
 i - the +2 pair of boots of Ennui (worn) {+Inv rCorr Dex-5 Slay+5}
   (You found it on level 5 of the Lair of Beasts)

   Dex-5:     It affects your dexterity (-5).
   Slay+5:    It affects your accuracy & damage with ranged weapons and melee
   (+5).
   +Inv:      It lets you turn invisible.
   rCorr:     It protects you from acid and corrosion.
 j - a +2 cloak (worn)
 v - a +2 troll leather armour (worn)
 w - a +2 helmet of see invisible (worn)
 x - a +1 ring mail of fire resistance
Jewellery
 f - a +6 ring of dexterity (left hand)
 m - a +5 ring of evasion (right hand)
 p - the ring of Luvahaiv {rN+ Str+4 SInv Stlth+}
   (You found it on level 4 of the Swamp)

   [ring of see invisible]

   Str+4:     It affects your strength (+4).
   rN+:       It protects you from negative energy.
   SInv:      It lets you see invisible.
   Stlth+:    It makes you more stealthy.
 s - a ring of fire
 A - an amulet of reflection (around neck)
Wands
 b - a wand of iceblast (12)
 e - a wand of polymorph (24)
 u - a wand of digging (19)
Scrolls
 o - 22 scrolls of identify
 r - 8 scrolls of teleportation
Potions
 c - 7 potions of haste
 d - 6 potions of magic
 g - 9 potions of curing
 h - 9 potions of mutation
 k - 7 potions of enlightenment
 l - 6 potions of might
 n - 5 potions of resistance
 t - a potion of heal wounds
 z - 2 potions of cancellation

Dungeon Overview and Level Annotations

Branches:
Dungeon (15/15)            Temple (1/1) D:5            Lair (5/5) D:10
  Swamp (4/4) Lair:3       Spider (4/4) Lair:3        Slime (0/5) Lair:4
    Orc (2/2) D:12            Elf (0/3) Orc:2        Vaults (4/5) D:13
  Crypt (0/3) Vaults:3     Depths (2/4) D:15         WizLab (1/1)
Gauntlet (visited)

Altars:
Ashenzari
Cheibriados
Dithmenos
Elyvilon
Fedhas
Gozag
Hepliaklqana
Kikubaaqudgha
Makhleb
Nemelex Xobeh
Okawaru
Qazlal
Ru
Sif Muna
Trog
Uskayaw
Vehumet
Wu Jian
Xom
Yredelemnul
Zin
The Shining One
Jiyva
Lugonu

Shops:
D:2 *   D:4 !   D:13 [   Orc:1 =   Orc:2 =*[!   Vaults:2 ?   Vaults:4 (

Portals:
Hell: Depths:1 Depths:2
Abyss: Depths:2
Pandemonium: Orc:2

Annotations:
D:4 1 runed translucent door, Crazy Yiuf
D:10 2 transporters
D:14 3 runed translucent doors, Onucvo's ghost, journeyman FoFi; qw's ghost, journeyman GrHu


Message History

Done exploring.
There is a transporter here.
You enter the transporter and appear at another place.
There is a portal leading out of this place here.
Done exploring.
There is a transporter here.
You enter the transporter and appear at another place.
Zot has nearly found you.
Suffering is imminent.
Descend or flee this branch!
Done exploring.
There is a transporter here.
You enter the transporter and appear at another place.
There is a portal leading out of this place here.
Done exploring.
There is a transporter here.
You enter the transporter and appear at another place.
There is a portal leading out of this place here.
Done exploring.
There is a transporter here.
You enter the transporter and appear at another place.
There is a transporter here.
You enter the transporter and appear at another place.
There is a portal leading out of this place here.
Done exploring.
There is a transporter here.
You enter the transporter and appear at another place.
There is a portal leading out of this place here.
Done exploring.
There is a transporter here.
You enter the transporter and appear at another place.
There is a transporter here.
You enter the transporter and appear at another place.
There is a portal leading out of this place here.
Done exploring.
There is a transporter here.
You enter the transporter and appear at another place.
There is a portal leading out of this place here.
Done exploring.
Zot's power touches on you...
60534 ||| QUITTING!
Are you sure you want to abandon this character and quit the game? (Confirm with "yes".)

~.##.^.#...#..####.#.#
#...#.^.####.....#..##
###^#..##..##....#####
.###.##.##.##..\.....###
..##.#.#..#.#.........^#
..####.########...#....#
...#.##.### #.#...#....#
...#.^#...###.#...#....#
...#~.###_##..#.@.....##
..^#.##^#~######....)^#
..###..#.## #^...### .##
###### ###### ##


There were no monsters in sight!

Vanquished Creatures
  Sojobo (Vaults:4)
  Norris (Vaults:3)
  Jorgrun (D:13)
  3 tentacled monstrosities
  A lich (Vaults:4)
  Mlioglotl (Swamp:1)
  2 sphinxes
  2 tentacled starspawn (WizLab)
  An eldritch tentacle (WizLab)
  Roxanne (D:14)
  A shadow dragon (Depths:1)
  3 tengu reavers
  4 fire giants
  2 fenstrider witches
  12 vault wardens
  6 emperor scorpions
  An angel (WizLab)
  5 ghost moths
  An orc warlord (Vaults:1)
  5 ironbound thunderhulks (Vaults:4)
  31 ironbound preservers
  4 stone giants
  17 very ugly things
  4 broodmothers
  2 deep elf demonologists (Vaults:2)
  2 formless jellyfish
  4 eleionomae
  Azrael (Spider:1)
  5 war gargoyles
  8 bunyips
  A minotaur (Gauntlet)
  15 dire elephants
  A spark wasp (Spider:4)
  2 green deaths (Swamp:4)
  A crystal guardian (Vaults:2)
  2 blizzard demons (WizLab)
  2 ettins
  A shambling mangrove (Swamp:3)
  6 entropy weavers
  A quicksilver dragon zombie (D:15)
  3 fire dragons (Depths:1)
  11 yaktaur captains
  8 vault guards
  Fannar (Orc:1)
  9 hydras
  4 rakshasas
  3 demonspawn (Orc:2)
  A spriggan air mage (Depths:1)
  9 great orbs of eyes
  4 peacekeepers
  A ghost crab (Swamp:4)
  3 jorogumos (Spider:2)
  2 death knights (Vaults:3)
  10 alligators
  2 catoblepae
  13 ironbound frosthearts
  3 radroaches
  6 centaur warriors
  5 two-headed ogres
  7 tengu warriors
  5 boulder beetles
  3 deep troll earth magi
  12 demonic crawlers
  5 deep troll shamans
  A two-headed ogre (shapeshifter) (Vaults:4)
  Urug (Lair:1)
  3 orc high priests
  A titan zombie (Depths:2)
  4 hell knights
  2 thrashing horrors (WizLab)
  An occultist (D:15)
  A sun demon (Orc:2)
  Sonja (Orc:1)
  3 skeletal warriors (D:15)
  5 iron trolls (Depths:1)
  5 skysharks
  87 deep trolls
  4 goliath frogs
  13 pharaoh ants
  A shadow wraith (Vaults:3)
  2 sixfirhies
  6 spriggan druids
  11 swamp dragons
  A mana viper (WizLab)
  5 arcanists
  15 orb spiders
  A shadow demon (WizLab)
  A golden dragon zombie (Depths:2)
  3 sun moths
  2 anaconda skeletons (WizLab)
  4 glowing orange brains
  Pikel (D:7)
  2 obsidian statues (WizLab)
  5 bog bodies
  7 steelbarb worms
  A flayed ghost (D:15)
  A lindwurm (shapeshifter) (Vaults:2)
  6 orc knights
  A steelbarb worm (shapeshifter) (Vaults:1)
  15 ironbound convokers
  3 deep elf pyromancers
  9 necromancers
  5 large abominations
  8 lindwurms
  28 wolf spiders
  7 harpies (Vaults:1)
  8 will-o-the-wisps
  10 orc sorcerers (Orc:2)
  4 manticores
  A cyclops (shapeshifter) (WizLab)
  8 cyclopes
  A tengu skeleton (Vaults:2)
  34 ugly things
  4 starcursed masses (WizLab)
  A moth of wrath (Spider:2)
  6 elephants (Lair:5)
  An ice statue (Gauntlet)
  3 meliai (D:14)
  5 kobold blastminers
  4 black mambas
  A rust devil (Orc:2)
  14 vault sentinels
  6 torpor snails
  A smoke demon (Orc:2)
  21 cane toads
  2 orange demons (Swamp:4)
  A titan simulacrum (Vaults:3)
  A storm dragon simulacrum (Depths:2)
  6 rime drakes
  2 elf zombies
  A gargoyle (D:10)
  3 freezing wraiths
  An unseen horror (D:9)
  26 yaktaurs
  4 kobold demonologists
  12 komodo dragons
  An efreet (WizLab)
  Psyche (D:8)
  4 tengu conjurers
  8 trolls
  A red devil (Orc:2)
  A wolf spider simulacrum (D:15)
  A hellwing (Orc:2)
  5 polar bears
  7 tyrant leeches
  A bloated husk (Swamp:3)
  An elf simulacrum (Vaults:2)
  32 blink frogs
  37 tarantellas
  18 hornets
  A frost giant simulacrum (Vaults:2)
  An ettin zombie (Vaults:3)
  32 jumping spiders
  34 slime creatures
  A water elemental (Depths:2)
  5 shadows
  16 spriggans
  3 spriggan skeletons
  57 yaks
  24 culicivoras
  A ynoxinul (Gauntlet)
  3 wraiths
  Grum (D:10)
  4 basilisks
  3 fire elementals (Spider:1)
  5 wyverns
  2 elf skeletons
  17 vampire mosquitoes
  3 wargs (Orc:1)
  51 redbacks
  A steam dragon (Lair:3)
  Menkaure (D:7)
  15 swamp worms
  An acid dragon (D:9)
  18 water moccasins
  2 hell hounds (Spider:1)
  Duvessa (D:7)
  28 orc warriors
  3 sky beasts
  2 swamp drakes
  8 ice beasts
  3 laughing skulls (Gauntlet)
  4 black bears
  14 centaurs
  9 ogres
  2 boggarts (WizLab)
  14 wolves
  2 lemures (D:7)
  A phantom (D:5)
  2 kobold brigands
  22 bullfrogs
  2 gnoll sergeants
  4 scorpions
  10 wights
  Dowan (D:7)
  6 killer bees (D:9)
  A hornet simulacrum (D:15)
  6 electric eels
  3 howler monkeys
  2 bombardier beetles
  4 hounds
  2 jellies
  27 orc priests
  2 iron imps (Gauntlet)
  A gnoll bouda (D:6)
  3 sleepcaps
  Jessica (D:2)
  Natasha (thrice) (D:4)
  6 iguanas
  21 orc wizards
  7 adders
  16 gnolls
  4 shadow imps (D:5)
  2 white imps
  An ufetubus (D:7)
  5 dart slugs
  A ribbon worm (D:2)
  81 orcs
  4 endoplasms
  2 giant cockroaches
  8 goblins
  6 hobgoblins
  4 jackals (D:3)
  8 quokkas
  7 ball pythons
  6 bats
  2 frilled lizards (D:1)
  7 kobolds
  5 rats
  2 starspawn tentacles (WizLab)
1587 creatures vanquished.

Vanquished Creatures (others)
  An eldritch tentacle (WizLab)
  A spriggan air mage (Swamp:4)
  A swamp drake (Swamp:3)
  An orc wizard (D:10)
  9 foxfires
  4 starspawn tentacles (WizLab)
17 creatures vanquished.

Grand Total: 1604 creatures vanquished

Notes
Turn   | Place    | Note
-------+----------+-------------------------------------------
     0 | D:1      | qw the Gargoyle Hunter began the quest for the Orb.
     0 | D:1      | Reached XP level 1. HP: 12/12 MP: 1/1
     0 | D:1      | 0 ||| qw: Version: 0.3-a-132-g3d54051
     0 | D:1      | 0 ||| qw: Game counter: 516
     0 | D:1      | 0 ||| qw: Melee chars always use a shield: true
     0 | D:1      | 0 ||| qw: God list: Okawaru
     0 | D:1      | 0 ||| qw: Allow faded altars: false
     0 | D:1      | 0 ||| qw: Do Orc after clearing Dungeon:15 true
     0 | D:1      | 0 ||| qw: Do second Lair branch before Depths: true
     0 | D:1      | 0 ||| qw: Lair rune preference: random
     0 | D:1      | 0 ||| qw: Goals: Normal
     0 | D:1      | 0 ||| PLANNING D:1-11
   146 | D:1      | Reached XP level 2. HP: 17/17 MP: 2/2
   631 | D:1      | Found a faded altar of an unknown god.
   764 | D:1      | 764 ||| UPGRADING to +1 cloak.
   769 | D:1      | 769 ||| READING 2 scrolls labelled FIFUOKHLEASTO.
   769 | D:1      | 769 ||| IDENTIFYING ruby potion
   770 | D:1      | 770 ||| READING scroll of identify.
   770 | D:1      | 770 ||| IDENTIFYING yellow potion
   771 | D:1      | 771 ||| READING scroll labelled KYXUMN GAVVO.
   785 | D:1      | 785 ||| READING 2 scrolls labelled FOXOILUMP.
   786 | D:1      | 786 ||| DROPPING scroll of butterflies.
   787 | D:1      | 787 ||| DROPPING potion of lignification.
   788 | D:1      | 788 ||| DROPPING scroll of revelation.
   810 | D:2      | Reached XP level 3. HP: 21/21 MP: 3/3
   937 | D:2      | Found Asueg's General Store.
   991 | D:2      | Noticed Jessica
   993 | D:2      | Reached skill level 3 in Fighting
  1003 | D:2      | Reached XP level 4. HP: 22/28 MP: 4/4
  1006 | D:2      | 1006 ||| FLEEEEING.
  1010 | D:2      | 1010 ||| FLEEEEING.
  1012 | D:2      | Killed Jessica
  1275 | D:2      | 1275 ||| SHOPLISTING 3 scrolls of teleportation (117 gold,
                  | have 90).
  1275 | D:2      | 1275 ||| BUYING potion of heal wounds (65 gold).
  1275 | D:2      | Bought a potion of heal wounds for 65 gold pieces
  1275 | D:2      | 1275 ||| SHOPLISTING scroll of enchant armour (97 gold,
                  | have 25).
  1430 | D:2      | 1430 ||| UPGRADING to +0 ring mail.
  1440 | D:2      | 1440 ||| DROPPING +0 leather armour.
  1441 | D:2      | 1441 ||| UPGRADING to +2 robe of willpower.
  1451 | D:2      | 1451 ||| DROPPING +0 ring mail.
  1452 | D:2      | 1452 ||| UPGRADING to +4 ring of protection.
  1453 | D:2      | 1453 ||| READING 3 scrolls of identify.
  1453 | D:2      | 1453 ||| IDENTIFYING murky red potion
  1454 | D:2      | 1454 ||| READING 2 scrolls of identify.
  1454 | D:2      | 1454 ||| IDENTIFYING green potion
  1455 | D:2      | 1455 ||| READING scroll of identify.
  1455 | D:2      | 1455 ||| IDENTIFYING scroll labelled KANY TICEUL REUL
  1456 | D:2      | 1456 ||| READING scroll labelled WAXKOSSOSIN.
  1459 | D:2      | 1459 ||| READING scroll labelled GITYTE HOURE.
  1459 | D:2      | 1459 ||| ENCHANTING +1 cloak.
  1460 | D:2      | 1460 ||| DROPPING scroll of fog.
  1667 | D:3      | Reached XP level 5. HP: 32/32 MP: 5/5
  1676 | D:3      | Reached skill level 6 in Ranged Weapons
  1709 | D:3      | Reached skill level 4 in Fighting
  1750 | D:3      | Identified the ring "Nippyh" {+Blink rPois rN+ Will- SInv}
  1852 | D:3      | Reached XP level 6. HP: 38/38 MP: 6/6
  1870 | D:3      | 1870 ||| FLEEEEING.
  2207 | D:3      | 2207 ||| UPGRADING to ring "Nippyh" {+Blink rPois rN+ Will-
                  | SInv}.
  2208 | D:3      | 2208 ||| UPGRADING to +6 ring of dexterity.
  2210 | D:3      | 2210 ||| DROPPING ring of ice.
  2211 | D:3      | 2211 ||| UPGRADING to +4 ring of protection.
  2213 | D:3      | 2213 ||| READING scroll labelled GOWE TORAQ.
  2277 | D:4      | 2277 ||| FLEEEEING.
  2280 | D:4      | 2280 ||| STAIRDANCE
  2308 | D:3      | 2308 ||| READING scroll labelled EQUGRA WEBLATE.
  2433 | D:4      | 2433 ||| FLEEEEING.
  2562 | D:4      | Noticed Natasha
  2564 | D:4      | Noticed a black bear
  2565 | D:4      | 2565 ||| RETREEEEATING.
  2567 | D:4      | 2567 ||| RETREEEEATING.
  2569 | D:4      | 2569 ||| RETREEEEATING.
  2572 | D:4      | Killed Natasha
  2573 | D:4      | Reached XP level 7. HP: 43/43 MP: 7/7
  2584 | D:4      | 2584 ||| FLEEEEING.
  2634 | D:4      | Noticed Natasha
  2637 | D:4      | Killed Natasha
  2772 | D:4      | Found a radiant altar of Vehumet.
  2825 | D:4      | 2825 ||| FLEEEEING.
  3153 | D:4      | Found Gisa's Distillery.
  3158 | D:4      | 3158 ||| SHOPLISTING potion of cancellation (96 gold, have
                  | 70).
  3158 | D:4      | 3158 ||| BUYING potion of curing (36 gold).
  3158 | D:4      | Bought a potion of curing for 36 gold pieces
  3244 | D:4      | 3244 ||| FLEEEEING.
  3348 | D:4      | Noticed Natasha
  3359 | D:4      | Killed Natasha
  3360 | D:4      | Reached skill level 5 in Fighting
  3483 | D:4      | Found a runed translucent door.
  3484 | D:4      | Noticed Crazy Yiuf
  3668 | D:4      | 3668 ||| READING scroll of identify.
  3668 | D:4      | 3668 ||| IDENTIFYING grey potion
  3669 | D:4      | 3669 ||| READING scroll labelled NOWOOSK IGOBE.
  3670 | D:4      | 3670 ||| FLEEEEING.
  3818 | D:5      | Entered Level 5 of the Dungeon
  3846 | D:5      | Reached skill level 1 in Armour
  3858 | D:5      | Reached XP level 8. HP: 35/49 MP: 8/8
  3862 | D:5      | 3862 ||| FLEEEEING.
  3870 | D:5      | 3870 ||| FLEEEEING.
  3871 | D:5      | 3871 ||| FLEEEEING.
  3872 | D:5      | 3872 ||| STAIRDANCE
  3875 | D:4      | 3875 ||| STAIRDANCE
  3926 | D:5      | Found a staircase to the Ecumenical Temple.
  3927 | D:5      | 3927 ||| PLANNING TEMPLE
  3948 | Temple   | Entered the Ecumenical Temple
  3949 | Temple   | 3949 ||| PLANNING OKAWARU WORSHIP
  3960 | Temple   | Became a worshipper of Warmaster Okawaru
  3961 | Temple   | 3961 ||| PLANNING D:1-11
  4072 | D:5      | Reached skill level 9 in Ranged Weapons
  4392 | D:5      | Reached skill level 3 in Dodging
  4472 | D:5      | You fall into a shaft and drop 3 floors!
  4473 | D:8      | 4473 ||| FLEEEEING.
  4477 | D:8      | 4477 ||| STAIRDANCE
  4524 | D:7      | Found a hazy altar of Hepliaklqana.
  4585 | D:7      | Noticed a wyvern
  4586 | D:7      | 4586 ||| RETREEEEATING.
  4587 | D:7      | 4587 ||| RETREEEEATING.
  4588 | D:7      | 4588 ||| DRINKING potion of haste.
  4597 | D:7      | Killed a wyvern
  4598 | D:7      | Reached skill level 6 in Fighting
  4601 | D:7      | Reached * piety under Okawaru
  4602 | D:7      | HP: 11/51 [kobold brigand/+0 club (4)]
  4603 | D:7      | 4603 ||| READING scroll of teleportation.
  4604 | D:7      | 4604 ||| DRINKING 2 potions of heal wounds.
  4643 | D:7      | Reached skill level 1 in Invocations
  4764 | D:7      | Noticed a +0 falchion
  4764 | D:7      | Noticed a +0 short sword
  4765 | D:7      | Noticed a +0 short sword
  4765 | D:7      | Noticed a +0 falchion
  4765 | D:7      | Noticed a +0 dagger
  4766 | D:7      | Noticed a +0 spear
  4766 | D:7      | Noticed a +0 dagger
  4768 | D:7      | Noticed a +0 spear
  4775 | D:7      | Found a hide-covered altar of Uskayaw.
  4792 | D:7      | Noticed a deep elf pyromancer
  4793 | D:7      | 4793 ||| INVOKING Heroism.
  4800 | D:7      | Reached XP level 9. HP: 55/55 MP: 7/10
  4809 | D:7      | Killed a deep elf pyromancer
  4956 | D:7      | Noticed Duvessa
  4956 | D:7      | Noticed Dowan
  4958 | D:7      | 4958 ||| INVOKING Heroism.
  4967 | D:7      | Killed Duvessa
  4978 | D:7      | Killed Dowan
  5107 | D:7      | Noticed Pikel
  5108 | D:7      | 5108 ||| RETREEEEATING.
  5111 | D:7      | 5111 ||| RETREEEEATING.
  5113 | D:7      | 5113 ||| RETREEEEATING.
  5114 | D:7      | 5114 ||| RETREEEEATING.
  5116 | D:7      | 5116 ||| RETREEEEATING.
  5121 | D:7      | 5121 ||| INVOKING Heroism.
  5129 | D:7      | Killed Pikel
  5129 | D:7      | Reached ** piety under Okawaru
  5189 | D:7      | Noticed Menkaure
  5191 | D:7      | 5191 ||| INVOKING Heroism.
  5199 | D:7      | Killed Menkaure
  5204 | D:7      | Reached skill level 7 in Fighting
  5284 | D:7      | 5284 ||| READING scroll of identify.
  5284 | D:7      | 5284 ||| IDENTIFYING metallic dark potion
  5285 | D:7      | 5285 ||| READING scroll labelled GOFAQUINON.
  5285 | D:7      | 5285 ||| BRANDING +0 shortbow.
  5286 | D:7      | 5286 ||| READING scroll labelled RENOMAVAZY.
  5286 | D:7      | 5286 ||| ENCHANTING +0 shortbow of draining.
  5287 | D:7      | 5287 ||| DRINKING 2 sapphire potions.
  5288 | D:7      | 5288 ||| DROPPING potion of invisibility.
  5402 | D:6      | Reached XP level 10. HP: 21/63 MP: 13/13
  5409 | D:6      | HP: 15/63 [gnoll/+0 flail[a gnoll bouda] (3)]
  5410 | D:6      | 5410 ||| DRINKING potion of heal wounds.
  5472 | D:6      | Found a shadowy altar of Dithmenos.
  6186 | D:6      | 6186 ||| RETREEEEATING.
  6197 | D:6      | Reached skill level 8 in Fighting
  6203 | D:6      | 6203 ||| FLEEEEING.
  6206 | D:6      | 6206 ||| STAIRDANCE
  6242 | D:5      | 6242 ||| READING scroll labelled MATIVV RILULAY.
  6371 | D:6      | Reached *** piety under Okawaru
  6401 | D:6      | 6401 ||| SWAPPING to +0 orcbow.
  6402 | D:6      | 6402 ||| DROPPING +1 shortbow of draining.
  6501 | D:7      | 6501 ||| STAIRDANCE
  6643 | D:8      | 6643 ||| STAIRDANCE
  6657 | D:7      | 6657 ||| READING scroll of brand weapon.
  6657 | D:7      | 6657 ||| BRANDING +0 orcbow.
  6827 | D:7      | 6827 ||| FLEEEEING.
  6947 | D:7      | Noticed a cyclops
  6948 | D:7      | 6948 ||| INVOKING Heroism.
  6960 | D:7      | Killed a cyclops
  6961 | D:7      | Reached skill level 12 in Ranged Weapons
  7102 | D:7      | 7102 ||| UPGRADING to +1 helmet.
  7107 | D:7      | 7107 ||| READING scroll of enchant armour.
  7107 | D:7      | 7107 ||| ENCHANTING +1 helmet.
  7108 | D:7      | 7108 ||| READING scroll of identify.
  7108 | D:7      | 7108 ||| IDENTIFYING amethyst potion
  7109 | D:7      | 7109 ||| READING scroll labelled PUVVIDGHOMPO.
  7110 | D:7      | 7110 ||| DRINKING 2 black potions.
  7115 | D:7      | 7115 ||| FLEEEEING.
  7225 | D:7      | 7225 ||| DROPPING potion of berserk rage.
  7247 | D:8      | Noticed Psyche
  7250 | D:8      | Killed Psyche
  7250 | D:8      | Reached **** piety under Okawaru
  7319 | D:8      | 7319 ||| FLEEEEING.
  7481 | D:8      | 7481 ||| RETREEEEATING.
  7482 | D:8      | 7482 ||| RETREEEEATING.
  7483 | D:8      | 7483 ||| RETREEEEATING.
  7484 | D:8      | 7484 ||| RETREEEEATING.
  7485 | D:8      | 7485 ||| RETREEEEATING.
  7486 | D:8      | 7486 ||| RETREEEEATING.
  7487 | D:8      | 7487 ||| RETREEEEATING.
  7488 | D:8      | 7488 ||| RETREEEEATING.
  7489 | D:8      | 7489 ||| RETREEEEATING.
  7490 | D:8      | 7490 ||| RETREEEEATING.
  7491 | D:8      | 7491 ||| RETREEEEATING.
  7492 | D:8      | 7492 ||| RETREEEEATING.
  7586 | D:8      | 7586 ||| FLEEEEING.
  7590 | D:8      | 7590 ||| STAIRDANCE
  7909 | D:9      | 7909 ||| RETREEEEATING.
  7913 | D:9      | Noticed a two-headed ogre
  7914 | D:9      | 7914 ||| RETREEEEATING.
  7915 | D:9      | 7915 ||| RETREEEEATING.
  7916 | D:9      | 7916 ||| RETREEEEATING.
  7917 | D:9      | 7917 ||| RETREEEEATING.
  7918 | D:9      | 7918 ||| INVOKING Finesse.
  7925 | D:9      | Killed a two-headed ogre
  7926 | D:9      | Reached XP level 11. HP: 53/68 MP: 9/15
  7988 | D:9      | 7988 ||| FLEEEEING.
  7994 | D:9      | 7994 ||| FLEEEEING.
  7995 | D:9      | 7995 ||| FLEEEEING.
  7997 | D:9      | 7997 ||| FLEEEEING.
  8101 | D:9      | 8101 ||| FLEEEEING.
  8103 | D:9      | 8103 ||| FLEEEEING.
  8292 | D:9      | 8292 ||| Stepping randomly (disturbance).
  8293 | D:9      | 8293 ||| Stepping randomly (disturbance).
  8300 | D:9      | Reached skill level 6 in Invocations
  8314 | D:9      | 8314 ||| FLEEEEING.
  8418 | D:9      | Found a bloodstained altar of Trog.
  8436 | D:9      | Noticed a two-headed ogre
  8437 | D:9      | 8437 ||| RETREEEEATING.
  8438 | D:9      | 8438 ||| RETREEEEATING.
  8441 | D:9      | 8441 ||| ZAPPING wand of acid (3) at 5,1 (two-headed ogre;
                  | floor).
  8442 | D:9      | 8442 ||| ZAPPING wand of acid (2) at 4,0 (two-headed ogre;
                  | floor).
  8443 | D:9      | 8443 ||| ZAPPING wand of acid (1) at 3,0 (two-headed ogre;
                  | floor).
  8444 | D:9      | Reached ***** piety under Okawaru
  8445 | D:9      | 8445 ||| INVOKING Finesse.
  8446 | D:9      | 8446 ||| INVOKING Finesse.
  8451 | D:9      | Killed a two-headed ogre
  8452 | D:9      | Reached skill level 9 in Fighting
  8673 | D:9      | 8673 ||| DROPPING +2 robe of positive energy.
  8684 | D:10     | Entered Level 10 of the Dungeon
  8701 | D:10     | 8701 ||| STAIRDANCE
  8703 | D:9      | 8703 ||| FLEEEEING.
  8712 | D:9      | 8712 ||| STAIRDANCE
  8904 | D:10     | 8904 ||| RETREEEEATING.
  8907 | D:10     | 8907 ||| RETREEEEATING.
  8908 | D:10     | 8908 ||| RETREEEEATING.
  8908 | D:10     | Noticed a two-headed ogre
  8916 | D:10     | 8916 ||| INVOKING Finesse.
  8921 | D:10     | Killed a two-headed ogre
  9051 | D:10     | Noticed Grum
  9054 | D:10     | 9054 ||| RETREEEEATING.
  9059 | D:10     | Received a gift from Okawaru
  9066 | D:10     | Killed Grum
  9080 | D:10     | 9080 ||| FLEEEEING.
  9087 | D:10     | 9087 ||| STAIRDANCE
  9157 | D:10     | Noticed a two-headed ogre
  9158 | D:10     | 9158 ||| INVOKING Finesse.
  9163 | D:10     | Killed a two-headed ogre
  9271 | D:10     | 9271 ||| READING scroll of enchant weapon.
  9271 | D:10     | 9271 ||| ENCHANTING +0 orcbow of freezing.
  9311 | D:10     | 9311 ||| FLEEEEING.
  9486 | D:10     | Found a staircase to the Lair.
  9503 | D:10     | Reached skill level 9 in Invocations
  9503 | D:10     | Reached XP level 12. HP: 76/76 MP: 18/18
  9721 | D:10     | Found a transporter.
  9873 | D:10     | Found a transporter.
  9874 | D:10     | 9874 ||| PLANNING LAIR
  9928 | Lair:1   | Entered Level 1 of the Lair of Beasts
  9933 | Lair:1   | 9933 ||| STAIRDANCE
  9942 | Lair:1   | 9942 ||| STAIRDANCE
  9951 | Lair:1   | 9951 ||| STAIRDANCE
  9956 | D:10     | 9956 ||| FLEEEEING.
 10010 | Lair:1   | Reached skill level 6 in Dodging
 10010 | Lair:1   | 10010 ||| STAIRDANCE
 10012 | D:10     | 10012 ||| FLEEEEING.
 10126 | Lair:1   | 10126 ||| RETREEEEATING.
 10127 | Lair:1   | 10127 ||| RETREEEEATING.
 10128 | Lair:1   | 10128 ||| RETREEEEATING.
 10131 | Lair:1   | 10131 ||| RETREEEEATING.
 10133 | Lair:1   | 10133 ||| RETREEEEATING.
 10140 | Lair:1   | 10140 ||| FLEEEEING.
 10141 | Lair:1   | 10141 ||| RETREEEEATING.
 10143 | Lair:1   | 10143 ||| INVOKING Finesse.
 10149 | Lair:1   | Noticed Urug
 10157 | Lair:1   | Reached skill level 10 in Fighting
 10184 | Lair:1   | HP: 18/77 [Urug/+1 demon trident of venom (13)]
 10185 | Lair:1   | 10185 ||| READING 2 scrolls of teleportation.
 10185 | Lair:1   | HP: 4/77 [Urug/+1 demon trident of venom (14)]
 10186 | Lair:1   | 10186 ||| DRINKING potion of heal wounds.
 10202 | Lair:1   | 10202 ||| FLEEEEING.
 10227 | Lair:1   | 10227 ||| FLEEEEING.
 10228 | Lair:1   | 10228 ||| FLEEEEING.
 10229 | Lair:1   | 10229 ||| FLEEEEING.
 10230 | Lair:1   | 10230 ||| FLEEEEING.
 10231 | Lair:1   | 10231 ||| FLEEEEING.
 10232 | Lair:1   | 10232 ||| FLEEEEING.
 10233 | Lair:1   | 10233 ||| FLEEEEING.
 10234 | Lair:1   | 10234 ||| STAIRDANCE
 10367 | Lair:1   | 10367 ||| INVOKING Finesse.
 10379 | Lair:1   | Killed Urug
 10486 | Lair:1   | 10486 ||| FLEEEEING.
 10673 | Lair:1   | Received a gift from Okawaru
 10736 | Lair:1   | Found a hide-covered altar of Uskayaw.
 10749 | Lair:1   | 10749 ||| FLEEEEING.
 11296 | Lair:1   | 11296 ||| UPGRADING to +0 pair of gloves.
 11301 | Lair:1   | 11301 ||| DROPPING +6 ring of strength.
 11367 | Lair:2   | Reached skill level 3 in Armour
 11371 | Lair:2   | You fall into a shaft and drop 1 floor!
 11371 | Lair:3   | Found a hole to the Spider Nest.
 11378 | Lair:3   | Reached skill level 15 in Ranged Weapons
 11436 | Lair:3   | 11436 ||| READING scroll of enchant armour.
 11436 | Lair:3   | 11436 ||| ENCHANTING +0 pair of gloves.
 11476 | Lair:3   | 11476 ||| DROPPING ring of magical power.
 11768 | Lair:2   | 11768 ||| RETREEEEATING.
 11769 | Lair:2   | 11769 ||| RETREEEEATING.
 11774 | Lair:2   | 11774 ||| RETREEEEATING.
 11775 | Lair:2   | 11775 ||| RETREEEEATING.
 11781 | Lair:2   | 11781 ||| RETREEEEATING.
 11782 | Lair:2   | Reached ****** piety under Okawaru
 11784 | Lair:2   | 11784 ||| INVOKING Receive Weapon.
 11784 | Lair:2   | 11784 ||| ACQUIRING +1 longbow of flaming
 11784 | Lair:2   | Acquired a +1 longbow of flaming
 11784 | Lair:2   | Received a gift from Okawaru
 11785 | Lair:2   | 11785 ||| INVOKING Receive Armour.
 11785 | Lair:2   | 11785 ||| ACQUIRING +3 pair of gloves of the Albatross
                  | {-Cast rF+ rC+ Dex+3}
 11785 | Lair:2   | Acquired the +3 pair of gloves of the Albatross {-Cast rF+
                  | rC+ Dex+3}
 11785 | Lair:2   | Received a gift from Okawaru
 11789 | Lair:2   | 11789 ||| SWAPPING to +1 longbow of flaming.
 11793 | Lair:2   | 11793 ||| DROPPING +1 orcbow of freezing.
 11843 | Lair:2   | Reached XP level 13. HP: 71/82 MP: 20/20
 11843 | Lair:2   | 11843 ||| FLEEEEING.
 12001 | Lair:2   | Received a gift from Okawaru
 12182 | Lair:2   | 12182 ||| UPGRADING to +3 pair of gloves of the Albatross
                  | {-Cast rF+ rC+ Dex+3}.
 12192 | Lair:2   | 12192 ||| DROPPING +1 pair of gloves.
 12322 | Lair:3   | 12322 ||| RETREEEEATING.
 12325 | Lair:3   | 12325 ||| RETREEEEATING.
 12326 | Lair:3   | 12326 ||| RETREEEEATING.
 12334 | Lair:3   | 12334 ||| RETREEEEATING.
 12340 | Lair:3   | 12340 ||| RETREEEEATING.
 12341 | Lair:3   | 12341 ||| RETREEEEATING.
 12344 | Lair:3   | 12344 ||| RETREEEEATING.
 12345 | Lair:3   | 12345 ||| RETREEEEATING.
 12447 | Lair:3   | Found a staircase to the Swamp.
 12852 | Lair:4   | 12852 ||| RETREEEEATING.
 12857 | Lair:4   | 12857 ||| RETREEEEATING.
 12859 | Lair:4   | 12859 ||| RETREEEEATING.
 12860 | Lair:4   | 12860 ||| RETREEEEATING.
 12861 | Lair:4   | 12861 ||| RETREEEEATING.
 12863 | Lair:4   | 12863 ||| RETREEEEATING.
 12864 | Lair:4   | 12864 ||| RETREEEEATING.
 12871 | Lair:4   | Reached skill level 11 in Fighting
 12926 | Lair:4   | 12926 ||| RETREEEEATING.
 12931 | Lair:4   | 12931 ||| RETREEEEATING.
 13018 | Lair:4   | Received a gift from Okawaru
 13101 | Lair:4   | 13101 ||| READING scroll of enchant weapon.
 13101 | Lair:4   | 13101 ||| ENCHANTING +1 longbow of flaming.
 13198 | Lair:4   | 13198 ||| RETREEEEATING.
 13199 | Lair:4   | 13199 ||| RETREEEEATING.
 13200 | Lair:4   | 13200 ||| RETREEEEATING.
 13201 | Lair:4   | 13201 ||| INVOKING Finesse.
 13202 | Lair:4   | 13202 ||| INVOKING Heroism.
 13249 | Lair:4   | 13249 ||| UPGRADING to +0 pair of boots.
 13279 | Lair:4   | Found a viscous altar of Jiyva.
 13280 | Lair:4   | Found a staircase to the Slime Pits.
 13282 | Lair:4   | 13282 ||| RETREEEEATING.
 13303 | Lair:4   | 13303 ||| INVOKING Finesse.
 13774 | Lair:4   | 13774 ||| READING 6 scrolls of identify.
 13774 | Lair:4   | 13774 ||| IDENTIFYING 2 murky green potions
 13775 | Lair:4   | 13775 ||| DROPPING 2 potions of brilliance.
 13809 | Lair:5   | Entered Level 5 of the Lair of Beasts
 13813 | Lair:5   | 13813 ||| STAIRDANCE
 13843 | Lair:5   | 13843 ||| STAIRDANCE
 13862 | Lair:5   | 13862 ||| STAIRDANCE
 13868 | Lair:4   | 13868 ||| FLEEEEING.
 13870 | Lair:4   | 13870 ||| STAIRDANCE
 13976 | Lair:5   | 13976 ||| INVOKING Finesse.
 13977 | Lair:5   | 13977 ||| INVOKING Heroism.
 14027 | Lair:5   | 14027 ||| FLEEEEING.
 14028 | Lair:5   | 14028 ||| FLEEEEING.
 14029 | Lair:5   | 14029 ||| FLEEEEING.
 14030 | Lair:5   | 14030 ||| FLEEEEING.
 14031 | Lair:5   | 14031 ||| FLEEEEING.
 14045 | Lair:5   | Received a gift from Okawaru
 14113 | Lair:5   | 14113 ||| RETREEEEATING.
 14120 | Lair:5   | 14120 ||| RETREEEEATING.
 14121 | Lair:5   | 14121 ||| RETREEEEATING.
 14122 | Lair:5   | 14122 ||| RETREEEEATING.
 14123 | Lair:5   | 14123 ||| RETREEEEATING.
 14124 | Lair:5   | 14124 ||| RETREEEEATING.
 14125 | Lair:5   | 14125 ||| RETREEEEATING.
 14126 | Lair:5   | 14126 ||| RETREEEEATING.
 14127 | Lair:5   | 14127 ||| RETREEEEATING.
 14128 | Lair:5   | 14128 ||| RETREEEEATING.
 14244 | Lair:5   | 14244 ||| RETREEEEATING.
 14245 | Lair:5   | 14245 ||| RETREEEEATING.
 14248 | Lair:5   | 14248 ||| RETREEEEATING.
 14249 | Lair:5   | 14249 ||| RETREEEEATING.
 14250 | Lair:5   | 14250 ||| RETREEEEATING.
 14251 | Lair:5   | 14251 ||| RETREEEEATING.
 14267 | Lair:5   | Gained mutation: Your large and strong wings let you fly.
                  | [Gargoyle growth]
 14267 | Lair:5   | Reached XP level 14. HP: 67/90 MP: 21/21
 14275 | Lair:5   | 14275 ||| FLEEEEING.
 14314 | Lair:5   | 14314 ||| FLEEEEING.
 14467 | Lair:5   | 14467 ||| RETREEEEATING.
 14469 | Lair:5   | 14469 ||| INVOKING Finesse.
 14491 | Lair:5   | Reached skill level 18 in Ranged Weapons
 14511 | Lair:5   | Received a gift from Okawaru
 14583 | Lair:5   | 14583 ||| RETREEEEATING.
 14584 | Lair:5   | 14584 ||| RETREEEEATING.
 14585 | Lair:5   | 14585 ||| RETREEEEATING.
 14587 | Lair:5   | 14587 ||| RETREEEEATING.
 14588 | Lair:5   | 14588 ||| RETREEEEATING.
 14589 | Lair:5   | 14589 ||| RETREEEEATING.
 14590 | Lair:5   | 14590 ||| RETREEEEATING.
 14591 | Lair:5   | 14591 ||| RETREEEEATING.
 14592 | Lair:5   | 14592 ||| RETREEEEATING.
 14602 | Lair:5   | 14602 ||| RETREEEEATING.
 14704 | Lair:5   | Reached skill level 12 in Fighting
 14775 | Lair:5   | 14775 ||| FLEEEEING.
 14776 | Lair:5   | 14776 ||| FLEEEEING.
 14777 | Lair:5   | 14777 ||| FLEEEEING.
 14778 | Lair:5   | 14778 ||| FLEEEEING.
 14780 | Lair:5   | 14780 ||| FLEEEEING.
 14781 | Lair:5   | 14781 ||| FLEEEEING.
 14782 | Lair:5   | 14782 ||| FLEEEEING.
 14783 | Lair:5   | 14783 ||| FLEEEEING.
 14785 | Lair:5   | 14785 ||| FLEEEEING.
 14786 | Lair:5   | 14786 ||| FLEEEEING.
 14787 | Lair:5   | 14787 ||| FLEEEEING.
 14788 | Lair:5   | 14788 ||| STAIRDANCE
 14792 | Lair:4   | 14792 ||| STAIRDANCE
 14897 | Lair:3   | 14897 ||| DROPPING ring of protection from cold.
 14898 | Lair:3   | 14898 ||| READING 5 scrolls of identify.
 14898 | Lair:3   | 14898 ||| IDENTIFYING scroll labelled FARCHO OTRONN
 14899 | Lair:3   | 14899 ||| DROPPING scroll of silence.
 14912 | Lair:5   | 14912 ||| STAIRDANCE
 14914 | Lair:4   | 14914 ||| RETREEEEATING.
 14915 | Lair:4   | 14915 ||| RETREEEEATING.
 14916 | Lair:4   | 14916 ||| RETREEEEATING.
 14917 | Lair:4   | 14917 ||| RETREEEEATING.
 14918 | Lair:4   | 14918 ||| RETREEEEATING.
 14919 | Lair:4   | 14919 ||| RETREEEEATING.
 14932 | Lair:4   | 14932 ||| FLEEEEING.
 14939 | Lair:4   | 14939 ||| STAIRDANCE
 15035 | Lair:5   | 15035 ||| STAIRDANCE
 15175 | Lair:5   | Identified the +2 pair of boots of Ennui {+Inv rCorr Dex-5
                  | Slay+5}
 15177 | Lair:5   | 15177 ||| FLEEEEING.
 15438 | Lair:5   | 15438 ||| PLANNING D:1-11
 15438 | Lair:5   | 15438 ||| UPGRADING to +2 pair of boots of Ennui {+Inv
                  | rCorr Dex-5 Slay+5}.
 15448 | Lair:5   | 15448 ||| DROPPING +0 pair of boots.
 15612 | D:11     | Found a corrupted altar of Lugonu.
 15670 | D:11     | Received a gift from Okawaru
 15973 | D:11     | Found a bloodstained altar of Trog.
 16027 | D:11     | 16027 ||| READING 6 scrolls of identify.
 16027 | D:11     | 16027 ||| IDENTIFYING scroll labelled DIKHLE GIFRITH
 16028 | D:11     | 16028 ||| DROPPING scroll of blinking.
 16033 | D:11     | 16033 ||| RETREEEEATING.
 16034 | D:11     | 16034 ||| RETREEEEATING.
 16035 | D:11     | 16035 ||| RETREEEEATING.
 16036 | D:11     | 16036 ||| RETREEEEATING.
 16391 | D:11     | 16391 ||| PLANNING D
 16493 | D:12     | Found a staircase to the Orcish Mines.
 16590 | D:12     | 16590 ||| READING scroll of enchant weapon.
 16590 | D:12     | 16590 ||| ENCHANTING +2 longbow of flaming.
 16995 | D:12     | 16995 ||| DROPPING +0 acid dragon scales.
 16996 | D:12     | 16996 ||| UPGRADING to +0 troll leather armour.
 17006 | D:12     | 17006 ||| DROPPING +2 robe of willpower.
 17040 | D:13     | 17040 ||| RETREEEEATING.
 17051 | D:13     | 17051 ||| READING 3 scrolls of teleportation.
 17134 | D:13     | 17134 ||| FLEEEEING.
 17411 | D:13     | Reached skill level 6 in Armour
 17420 | D:13     | 17420 ||| FLEEEEING.
 17510 | D:13     | Noticed Jorgrun
 17511 | D:13     | 17511 ||| INVOKING Finesse.
 17525 | D:13     | Killed Jorgrun
 17643 | D:13     | Noticed an ironbound preserver
 17644 | D:13     | 17644 ||| UPGRADING to amulet of the acrobat.
 17649 | D:13     | 17649 ||| INVOKING Finesse.
 17657 | D:13     | Killed an ironbound preserver
 17657 | D:13     | Received a gift from Okawaru
 17702 | D:13     | Found a gate to the Vaults.
 17722 | D:13     | Reached XP level 15. HP: 97/97 MP: 22/22
 17931 | D:13     | Found Wiphomi's Antique Armour Emporium.
 17937 | D:13     | 17937 ||| BUYING runed scarf (288 gold).
 17937 | D:13     | Bought a runed scarf for 288 gold pieces
 18012 | D:13     | 18012 ||| DROPPING scarf of harm.
 18063 | D:14     | Reached skill level 13 in Fighting
 18087 | D:14     | Found a white marble altar of Elyvilon.
 18164 | D:14     | 18164 ||| RETREEEEATING.
 18167 | D:14     | 18167 ||| RETREEEEATING.
 18380 | D:14     | 18380 ||| FLEEEEING.
 18403 | D:14     | Identified the +9 battleaxe of Lumoemor {spect, rPois
                  | Int+3}
 18496 | D:14     | Found a runed translucent gate.
 18496 | D:14     | Found a runed translucent gate.
 18497 | D:14     | Found a runed translucent gate.
 18498 | D:14     | Noticed Onucvo's ghost (journeyman FoFi)
 18498 | D:14     | Noticed qw's ghost (journeyman GrHu)
 18588 | D:14     | Noticed Roxanne
 18589 | D:14     | 18589 ||| INVOKING Finesse.
 18610 | D:14     | Killed Roxanne
 18681 | D:14     | Found a shimmering blue altar of Sif Muna.
 18927 | D:14     | 18927 ||| DROPPING ring of willpower.
 18958 | D:15     | Entered Level 15 of the Dungeon
 18958 | D:15     | Found a snail-covered altar of Cheibriados.
 18959 | D:15     | 18959 ||| PLANNING GAUNTLET
 18961 | D:15     | 18961 ||| STAIRDANCE
 18963 | D:14     | 18963 ||| FLEEEEING.
 18964 | D:14     | 18964 ||| STAIRDANCE
 18991 | D:15     | Found a gate leading to a gauntlet.
 19000 | Gauntlet | Entered a Gauntlet
 19000 | Gauntlet | Found a transporter.
 19000 | Gauntlet | Found a transporter.
 19000 | Gauntlet | Found a transporter.
 19001 | Gauntlet | Found a transporter.
 19005 | Gauntlet | Found a transporter.
 19019 | Gauntlet | Found a transporter.
 19020 | Gauntlet | Found a transporter.
 19027 | Gauntlet | Found a transporter.
 19035 | Gauntlet | Found a transporter.
 19053 | Gauntlet | Found a transporter.
 19061 | Gauntlet | Found a transporter.
 19079 | Gauntlet | Found a transporter.
 19241 | Gauntlet | 19241 ||| Stepping ~*~*~tactically~*~*~ (cloud).
 19302 | Gauntlet | 19302 ||| UPGRADING to +0 helmet of see invisible.
 19312 | Gauntlet | 19312 ||| READING 8 scrolls of identify.
 19312 | Gauntlet | 19312 ||| IDENTIFYING scroll labelled JUOHIA ZYBE
 19313 | Gauntlet | 19313 ||| DROPPING scroll of summoning.
 19321 | Gauntlet | Received a gift from Okawaru
 19388 | D:15     | 19388 ||| PLANNING D
 19462 | D:15     | 19462 ||| INVOKING Finesse.
 19479 | D:15     | Reached skill level 9 in Dodging
 19530 | D:15     | 19530 ||| RETREEEEATING.
 19533 | D:15     | 19533 ||| RETREEEEATING.
 19534 | D:15     | 19534 ||| RETREEEEATING.
 19535 | D:15     | 19535 ||| RETREEEEATING.
 19538 | D:15     | 19538 ||| RETREEEEATING.
 19620 | D:15     | Found a staircase to the Depths.
 19634 | D:15     | 19634 ||| FLEEEEING.
 19635 | D:15     | 19635 ||| FLEEEEING.
 19636 | D:15     | 19636 ||| FLEEEEING.
 19664 | D:15     | Received a gift from Okawaru
 20134 | D:15     | 20134 ||| PLANNING ORC
 20134 | D:15     | 20134 ||| DROPPING ring of see invisible.
 20135 | D:15     | 20135 ||| READING 9 scrolls of identify.
 20135 | D:15     | 20135 ||| IDENTIFYING 2 scrolls labelled GUAC CITAMU
 20136 | D:15     | 20136 ||| DROPPING 2 scrolls of immolation.
 20233 | Orc:1    | Entered Level 1 of the Orcish Mines
 20250 | Orc:1    | Reached skill level 14 in Fighting
 20308 | Orc:2    | Entered Level 2 of the Orcish Mines
 20530 | Orc:2    | Found Wasigh's Distillery.
 20535 | Orc:2    | Found Darinir's General Store.
 20546 | Orc:2    | Received a gift from Okawaru
 20551 | Orc:2    | 20551 ||| FLEEEEING.
 20552 | Orc:2    | 20552 ||| FLEEEEING.
 20553 | Orc:2    | 20553 ||| FLEEEEING.
 20554 | Orc:2    | 20554 ||| FLEEEEING.
 20555 | Orc:2    | 20555 ||| FLEEEEING.
 20556 | Orc:2    | 20556 ||| FLEEEEING.
 20563 | Orc:2    | Reached XP level 16. HP: 94/107 MP: 23/23
 20590 | Orc:2    | 20590 ||| BUYING 2 potions of curing (78 gold).
 20590 | Orc:2    | Bought 2 potions of curing for 78 gold pieces
 20590 | Orc:2    | 20590 ||| BUYING 2 potions of mutation (208 gold).
 20590 | Orc:2    | Bought 2 potions of mutation for 208 gold pieces
 20590 | Orc:2    | 20590 ||| BUYING potion of cancellation (104 gold).
 20590 | Orc:2    | Bought a potion of cancellation for 104 gold pieces
 20590 | Orc:2    | 20590 ||| BUYING potion of curing (39 gold).
 20590 | Orc:2    | Bought a potion of curing for 39 gold pieces
 20590 | Orc:2    | 20590 ||| BUYING potion of enlightenment (65 gold).
 20590 | Orc:2    | Bought a potion of enlightenment for 65 gold pieces
 20590 | Orc:2    | 20590 ||| BUYING potion of haste (130 gold).
 20590 | Orc:2    | Bought a potion of haste for 130 gold pieces
 20590 | Orc:2    | 20590 ||| BUYING potion of might (52 gold).
 20590 | Orc:2    | Bought a potion of might for 52 gold pieces
 20590 | Orc:2    | 20590 ||| BUYING potion of mutation (104 gold).
 20590 | Orc:2    | Bought a potion of mutation for 104 gold pieces
 20592 | Orc:2    | 20592 ||| BUYING +1 arbalest "Eviscerator" {speed, rN+
                  | Will++} (568 gold).
 20592 | Orc:2    | Bought the +1 arbalest "Eviscerator" {speed, rN+ Will++}
                  | for 568 gold pieces
 20592 | Orc:2    | 20592 ||| SHOPLISTING potion of heal wounds (65 gold, have
                  | 57).
 20592 | Orc:2    | 20592 ||| BUYING scroll of teleportation (39 gold).
 20592 | Orc:2    | Bought a scroll of teleportation for 39 gold pieces
 20592 | Orc:2    | 20592 ||| SWAPPING to +1 arbalest "Eviscerator" {speed, rN+
                  | Will++}.
 20673 | Orc:1    | Noticed Sonja
 20691 | Orc:1    | Killed Sonja
 20855 | Orc:2    | Found a staircase to the Elven Halls.
 20885 | Orc:1    | Found Raomosusm's Jewellery Shoppe.
 20900 | Orc:1    | Noticed Fannar
 20904 | Orc:1    | Reached skill level 15 in Fighting
 20910 | Orc:1    | Killed Fannar
 20924 | Orc:1    | 20924 ||| SHOPLISTING amulet of faith (520 gold, have 231).
 20924 | Orc:1    | 20924 ||| SHOPLISTING ring "Robb" {Fire rCorr MP-9 Str+6
                  | Stlth+} (443 gold, have 231).
 20924 | Orc:1    | 20924 ||| SHOPLISTING ring of protection from fire (325
                  | gold, have 231).
 21206 | Orc:2    | 21206 ||| FLEEEEING.
 21212 | Orc:2    | 21212 ||| FLEEEEING.
 21243 | Orc:2    | 21243 ||| RETREEEEATING.
 21265 | Orc:2    | 21265 ||| INVOKING Finesse.
 21293 | Orc:2    | Received a gift from Okawaru
 21331 | Orc:2    | 21331 ||| RETREEEEATING.
 21332 | Orc:2    | 21332 ||| RETREEEEATING.
 21339 | Orc:2    | 21339 ||| RETREEEEATING.
 21340 | Orc:2    | 21340 ||| RETREEEEATING.
 21341 | Orc:2    | 21341 ||| RETREEEEATING.
 21342 | Orc:2    | 21342 ||| RETREEEEATING.
 21343 | Orc:2    | 21343 ||| RETREEEEATING.
 21345 | Orc:2    | 21345 ||| INVOKING Finesse.
 21411 | Orc:2    | 21411 ||| FLEEEEING.
 21447 | Orc:2    | Found Neuttem's Jewellery Emporium.
 21447 | Orc:2    | Found Mufeudgh's Antique Armour Shoppe.
 21448 | Orc:2    | Found a one-way gate leading to the halls of Pandemonium.
 21450 | Orc:2    | 21450 ||| BUYING amulet of reflection (360 gold).
 21450 | Orc:2    | Bought an amulet of reflection for 360 gold pieces
 21452 | Orc:2    | 21452 ||| SHOPLISTING dyed leather armour (100 gold, have
                  | 13).
 21452 | Orc:2    | 21452 ||| SHOPLISTING runed cloak (150 gold, have 13).
 21452 | Orc:2    | 21452 ||| SHOPLISTING steaming robe (114 gold, have 13).
 21535 | Orc:2    | 21535 ||| PLANNING SPIDER:1-3
 21535 | Orc:2    | 21535 ||| UPGRADING to amulet of reflection.
 21545 | Orc:2    | 21545 ||| DROPPING amulet of the acrobat.
 21707 | Spider:1 | Entered Level 1 of the Spider Nest
 21712 | Spider:1 | 21712 ||| STAIRDANCE
 21724 | Spider:1 | 21724 ||| STAIRDANCE
 21729 | Spider:1 | 21729 ||| STAIRDANCE
 21741 | Spider:1 | 21741 ||| STAIRDANCE
 21767 | Spider:1 | 21767 ||| RETREEEEATING.
 21768 | Spider:1 | 21768 ||| RETREEEEATING.
 21769 | Spider:1 | 21769 ||| RETREEEEATING.
 21770 | Spider:1 | 21770 ||| RETREEEEATING.
 21794 | Spider:1 | Noticed Azrael
 21795 | Spider:1 | 21795 ||| FLEEEEING.
 21805 | Spider:1 | 21805 ||| RETREEEEATING.
 21807 | Spider:1 | 21807 ||| RETREEEEATING.
 21808 | Spider:1 | 21808 ||| RETREEEEATING.
 21815 | Spider:1 | HP: 19/108 [Azrael/bolt of fire (17)]
 21816 | Spider:1 | 21816 ||| READING 7 scrolls of teleportation.
 21817 | Spider:1 | Killed Azrael
 21820 | Spider:1 | HP: 13/108 [demonic crawler (7)]
 21823 | Spider:1 | 21823 ||| READING 6 scrolls of teleportation.
 21826 | Spider:1 | HP: 8/109 [tarantella (4)]
 21828 | Spider:1 | 21828 ||| DRINKING 9 potions of curing.
 21828 | Spider:1 | 21828 ||| (to cure confusion)
 21829 | Spider:1 | 21829 ||| RETREEEEATING.
 21830 | Spider:1 | 21830 ||| READING 5 scrolls of teleportation.
 21834 | Spider:1 | 21834 ||| RETREEEEATING.
 21835 | Spider:1 | 21835 ||| RETREEEEATING.
 21897 | Spider:1 | Received a gift from Okawaru
 21976 | Spider:1 | Reached skill level 16 in Fighting
 22042 | Spider:1 | 22042 ||| RETREEEEATING.
 22043 | Spider:1 | 22043 ||| RETREEEEATING.
 22044 | Spider:1 | 22044 ||| RETREEEEATING.
 22045 | Spider:1 | 22045 ||| RETREEEEATING.
 22046 | Spider:1 | 22046 ||| RETREEEEATING.
 22047 | Spider:1 | 22047 ||| RETREEEEATING.
 22048 | Spider:1 | 22048 ||| RETREEEEATING.
 22049 | Spider:1 | 22049 ||| RETREEEEATING.
 22050 | Spider:1 | 22050 ||| RETREEEEATING.
 22051 | Spider:1 | 22051 ||| RETREEEEATING.
 22052 | Spider:1 | 22052 ||| RETREEEEATING.
 22053 | Spider:1 | 22053 ||| RETREEEEATING.
 22063 | Spider:1 | Reached skill level 9 in Armour
 22149 | Spider:1 | 22149 ||| RETREEEEATING.
 22154 | Spider:1 | 22154 ||| INVOKING Finesse.
 22161 | Spider:1 | 22161 ||| RETREEEEATING.
 22207 | Spider:1 | 22207 ||| FLEEEEING.
 22353 | Spider:1 | Received a gift from Okawaru
 22458 | Spider:1 | 22458 ||| RETREEEEATING.
 22463 | Spider:1 | 22463 ||| INVOKING Finesse.
 22477 | Spider:1 | Reached skill level 17 in Fighting
 22555 | Spider:1 | 22555 ||| RETREEEEATING.
 22556 | Spider:1 | 22556 ||| RETREEEEATING.
 22557 | Spider:1 | 22557 ||| RETREEEEATING.
 22558 | Spider:1 | 22558 ||| RETREEEEATING.
 22559 | Spider:1 | 22559 ||| RETREEEEATING.
 22560 | Spider:1 | 22560 ||| RETREEEEATING.
 22561 | Spider:1 | 22561 ||| RETREEEEATING.
 22562 | Spider:1 | 22562 ||| RETREEEEATING.
 22563 | Spider:1 | 22563 ||| RETREEEEATING.
 22564 | Spider:1 | 22564 ||| RETREEEEATING.
 22565 | Spider:1 | 22565 ||| RETREEEEATING.
 22566 | Spider:1 | 22566 ||| RETREEEEATING.
 22567 | Spider:1 | 22567 ||| RETREEEEATING.
 22568 | Spider:1 | 22568 ||| RETREEEEATING.
 22569 | Spider:1 | 22569 ||| RETREEEEATING.
 22570 | Spider:1 | 22570 ||| RETREEEEATING.
 22571 | Spider:1 | 22571 ||| RETREEEEATING.
 22572 | Spider:1 | 22572 ||| RETREEEEATING.
 22573 | Spider:1 | 22573 ||| RETREEEEATING.
 22574 | Spider:1 | 22574 ||| RETREEEEATING.
 22576 | Spider:1 | 22576 ||| RETREEEEATING.
 22577 | Spider:1 | 22577 ||| RETREEEEATING.
 22578 | Spider:1 | 22578 ||| RETREEEEATING.
 22579 | Spider:1 | 22579 ||| RETREEEEATING.
 22581 | Spider:1 | 22581 ||| RETREEEEATING.
 22582 | Spider:1 | 22582 ||| RETREEEEATING.
 22583 | Spider:1 | 22583 ||| RETREEEEATING.
 22584 | Spider:1 | 22584 ||| RETREEEEATING.
 22594 | Spider:1 | 22594 ||| INVOKING Finesse.
 22601 | Spider:1 | Reached XP level 17. HP: 53/117 MP: 18/24
 22629 | Spider:1 | 22629 ||| FLEEEEING.
 22720 | Spider:1 | HP: 29/117 [burnt (4)]
 22722 | Spider:1 | 22722 ||| FLEEEEING.
 22821 | Spider:1 | 22821 ||| RETREEEEATING.
 22823 | Spider:1 | 22823 ||| RETREEEEATING.
 22824 | Spider:1 | 22824 ||| RETREEEEATING.
 22828 | Spider:1 | 22828 ||| RETREEEEATING.
 22829 | Spider:1 | 22829 ||| RETREEEEATING.
 22836 | Spider:1 | Received a gift from Okawaru
 22841 | Spider:1 | 22841 ||| FLEEEEING.
 23118 | Spider:2 | 23118 ||| FLEEEEING.
 23163 | Spider:2 | 23163 ||| RETREEEEATING.
 23169 | Spider:2 | 23169 ||| RETREEEEATING.
 23170 | Spider:2 | 23170 ||| RETREEEEATING.
 23171 | Spider:2 | 23171 ||| RETREEEEATING.
 23176 | Spider:2 | 23176 ||| RETREEEEATING.
 23201 | Spider:2 | 23201 ||| FLEEEEING.
 23268 | Spider:2 | 23268 ||| FLEEEEING.
 23322 | Spider:2 | 23322 ||| READING scroll of enchant armour.
 23322 | Spider:2 | 23322 ||| ENCHANTING +0 helmet of see invisible.
 23436 | Spider:2 | 23436 ||| RETREEEEATING.
 23437 | Spider:2 | 23437 ||| RETREEEEATING.
 23462 | Spider:2 | 23462 ||| INVOKING Finesse.
 23612 | Spider:2 | Received a gift from Okawaru
 23613 | Spider:2 | 23613 ||| FLEEEEING.
 23619 | Spider:2 | Reached skill level 18 in Fighting
 23733 | Spider:2 | 23733 ||| FLEEEEING.
 23738 | Spider:2 | 23738 ||| RETREEEEATING.
 23739 | Spider:2 | 23739 ||| RETREEEEATING.
 23740 | Spider:2 | 23740 ||| RETREEEEATING.
 23741 | Spider:2 | 23741 ||| RETREEEEATING.
 23796 | Spider:2 | 23796 ||| RETREEEEATING.
 23797 | Spider:2 | 23797 ||| RETREEEEATING.
 23875 | Spider:2 | 23875 ||| DRINKING 9 potions of curing.
 23875 | Spider:2 | 23875 ||| (to cure confusion)
 24326 | Spider:2 | 24326 ||| UPGRADING to +5 ring of evasion.
 24328 | Spider:2 | 24328 ||| DROPPING ring "Nippyh" {+Blink rPois rN+ Will-
                  | SInv}.
 24329 | Spider:2 | 24329 ||| DROPPING +4 ring of protection.
 24408 | Spider:3 | Received a gift from Okawaru
 24409 | Spider:3 | Reached skill level 12 in Dodging
 24415 | Spider:3 | 24415 ||| FLEEEEING.
 24418 | Spider:3 | 24418 ||| FLEEEEING.
 24420 | Spider:3 | 24420 ||| FLEEEEING.
 24421 | Spider:3 | 24421 ||| FLEEEEING.
 24422 | Spider:3 | 24422 ||| FLEEEEING.
 24423 | Spider:3 | 24423 ||| FLEEEEING.
 24424 | Spider:3 | 24424 ||| FLEEEEING.
 24425 | Spider:3 | 24425 ||| FLEEEEING.
 24536 | Spider:3 | 24536 ||| FLEEEEING.
 24771 | Spider:3 | 24771 ||| RETREEEEATING.
 24772 | Spider:3 | 24772 ||| RETREEEEATING.
 24773 | Spider:3 | 24773 ||| RETREEEEATING.
 24774 | Spider:3 | 24774 ||| RETREEEEATING.
 24780 | Spider:3 | 24780 ||| INVOKING Finesse.
 25469 | Spider:3 | 25469 ||| PLANNING SWAMP:1-3
 25469 | Spider:3 | 25469 ||| DROPPING +1 leather armour of poison resistance.
 25544 | Swamp:1  | Entered Level 1 of the Swamp
 25550 | Swamp:1  | 25550 ||| STAIRDANCE
 25560 | Swamp:1  | 25560 ||| STAIRDANCE
 25590 | Swamp:1  | Noticed Mlioglotl
 25591 | Swamp:1  | 25591 ||| RETREEEEATING.
 25592 | Swamp:1  | 25592 ||| INVOKING Finesse.
 25603 | Swamp:1  | Killed Mlioglotl
 25812 | Swamp:1  | Received a gift from Okawaru
 25895 | Swamp:1  | Reached XP level 18. HP: 127/127 MP: 25/25
 26008 | Swamp:1  | 26008 ||| DROPPING ring of wizardry.
 26009 | Swamp:1  | 26009 ||| DROPPING wand of mindburst (27).
 26067 | Swamp:2  | Reached skill level 19 in Fighting
 26190 | Swamp:2  | Identified the +2 pair of gloves "Macear" {rN+ Int+3}
 26206 | Swamp:2  | 26206 ||| INVOKING Finesse.
 26411 | Swamp:2  | 26411 ||| FLEEEEING.
 26431 | Swamp:2  | 26431 ||| FLEEEEING.
 26432 | Swamp:2  | 26432 ||| FLEEEEING.
 26433 | Swamp:2  | 26433 ||| FLEEEEING.
 26434 | Swamp:2  | 26434 ||| STAIRDANCE
 26442 | Swamp:1  | 26442 ||| DROPPING +2 pair of gloves "Macear" {rN+ Int+3}.
 26443 | Swamp:1  | 26443 ||| READING 11 scrolls of identify.
 26443 | Swamp:1  | 26443 ||| IDENTIFYING 2 silvery potions
 26453 | Swamp:2  | 26453 ||| STAIRDANCE
 26491 | Swamp:2  | 26491 ||| STAIRDANCE
 26500 | Swamp:2  | 26500 ||| STAIRDANCE
 26690 | Swamp:3  | 26690 ||| STAIRDANCE
 26697 | Swamp:3  | 26697 ||| STAIRDANCE
 26704 | Swamp:2  | Received a gift from Okawaru
 27241 | Swamp:3  | 27241 ||| FLEEEEING.
 27313 | Swamp:3  | 27313 ||| PLANNING SPIDER:4
 27474 | Spider:4 | Entered Level 4 of the Spider Nest
 27601 | Spider:4 | 27601 ||| RETREEEEATING.
 27604 | Spider:4 | 27604 ||| RETREEEEATING.
 27605 | Spider:4 | 27605 ||| RETREEEEATING.
 27607 | Spider:4 | 27607 ||| RETREEEEATING.
 27608 | Spider:4 | 27608 ||| RETREEEEATING.
 27609 | Spider:4 | 27609 ||| RETREEEEATING.
 27610 | Spider:4 | 27610 ||| RETREEEEATING.
 27611 | Spider:4 | 27611 ||| RETREEEEATING.
 27671 | Spider:4 | Received a gift from Okawaru
 27779 | Spider:4 | 27779 ||| DRINKING 9 potions of curing.
 27779 | Spider:4 | 27779 ||| (to cure confusion)
 27787 | Spider:4 | 27787 ||| DRINKING 8 potions of curing.
 27787 | Spider:4 | 27787 ||| (to cure confusion)
 28077 | Spider:4 | Reached skill level 20 in Fighting
 28123 | Spider:4 | Identified the +5 quarterstaff of Prudence {elec, *Corrode
                  | rF+ Will+ Str+4}
 28145 | Spider:4 | 28145 ||| FLEEEEING.
 28153 | Spider:4 | 28153 ||| FLEEEEING.
 28248 | Spider:4 | 28248 ||| FLEEEEING.
 28465 | Spider:4 | Received a gift from Okawaru
 28508 | Spider:4 | Got a gossamer rune of Zot
 28587 | Spider:4 | 28587 ||| PLANNING VAULTS:1-4
 28587 | Spider:4 | 28587 ||| DROPPING +1 pair of gloves of stealth.
 28623 | Spider:4 | 28623 ||| FLEEEEING.
 28633 | Spider:4 | 28633 ||| STAIRDANCE
 28945 | Vaults:1 | Entered Level 1 of the Vaults
 29001 | Vaults:1 | 29001 ||| INVOKING Finesse.
 29002 | Vaults:1 | 29002 ||| INVOKING Heroism.
 29047 | Vaults:1 | 29047 ||| RETREEEEATING.
 29048 | Vaults:1 | 29048 ||| RETREEEEATING.
 29049 | Vaults:1 | 29049 ||| RETREEEEATING.
 29050 | Vaults:1 | 29050 ||| RETREEEEATING.
 29051 | Vaults:1 | 29051 ||| RETREEEEATING.
 29052 | Vaults:1 | 29052 ||| RETREEEEATING.
 29053 | Vaults:1 | 29053 ||| RETREEEEATING.
 29054 | Vaults:1 | 29054 ||| RETREEEEATING.
 29055 | Vaults:1 | 29055 ||| RETREEEEATING.
 29056 | Vaults:1 | 29056 ||| RETREEEEATING.
 29057 | Vaults:1 | 29057 ||| RETREEEEATING.
 29084 | Vaults:1 | Received a gift from Okawaru
 29088 | Vaults:1 | Reached XP level 19. HP: 129/136 MP: 24/26
 29098 | Vaults:1 | Reached skill level 21 in Fighting
 29105 | Vaults:1 | 29105 ||| INVOKING Finesse.
 29348 | Vaults:1 | 29348 ||| RETREEEEATING.
 29353 | Vaults:1 | 29353 ||| RETREEEEATING.
 29380 | Vaults:1 | Received a gift from Okawaru
 29386 | Vaults:1 | 29386 ||| FLEEEEING.
 29391 | Vaults:1 | 29391 ||| STAIRDANCE
 29397 | D:13     | 29397 ||| FLEEEEING.
 29469 | Vaults:1 | 29469 ||| RETREEEEATING.
 29475 | Vaults:1 | 29475 ||| RETREEEEATING.
 29476 | Vaults:1 | 29476 ||| RETREEEEATING.
 29477 | Vaults:1 | 29477 ||| RETREEEEATING.
 29478 | Vaults:1 | 29478 ||| RETREEEEATING.
 29479 | Vaults:1 | 29479 ||| RETREEEEATING.
 29480 | Vaults:1 | 29480 ||| RETREEEEATING.
 29481 | Vaults:1 | 29481 ||| RETREEEEATING.
 29482 | Vaults:1 | 29482 ||| RETREEEEATING.
 29483 | Vaults:1 | 29483 ||| RETREEEEATING.
 29484 | Vaults:1 | 29484 ||| RETREEEEATING.
 29485 | Vaults:1 | 29485 ||| RETREEEEATING.
 29486 | Vaults:1 | 29486 ||| RETREEEEATING.
 29487 | Vaults:1 | 29487 ||| RETREEEEATING.
 29488 | Vaults:1 | 29488 ||| RETREEEEATING.
 29489 | Vaults:1 | 29489 ||| RETREEEEATING.
 29490 | Vaults:1 | 29490 ||| RETREEEEATING.
 29678 | Vaults:1 | 29678 ||| FLEEEEING.
 29685 | Vaults:1 | 29685 ||| FLEEEEING.
 29927 | Vaults:1 | 29927 ||| DROPPING +3 longbow of flaming.
 29931 | Vaults:1 | Noticed a tentacled monstrosity
 29932 | Vaults:1 | 29932 ||| INVOKING Finesse.
 29937 | Vaults:1 | Killed a tentacled monstrosity
 30153 | Vaults:1 | Received a gift from Okawaru
 30361 | Vaults:1 | 30361 ||| RETREEEEATING.
 30362 | Vaults:1 | 30362 ||| RETREEEEATING.
 30366 | Vaults:1 | 30366 ||| INVOKING Finesse.
 30374 | Vaults:1 | Reached skill level 22 in Fighting
 30527 | Vaults:1 | 30527 ||| RETREEEEATING.
 30528 | Vaults:1 | 30528 ||| RETREEEEATING.
 30532 | Vaults:1 | 30532 ||| RETREEEEATING.
 30533 | Vaults:1 | 30533 ||| RETREEEEATING.
 30534 | Vaults:1 | 30534 ||| RETREEEEATING.
 30535 | Vaults:1 | 30535 ||| RETREEEEATING.
 30536 | Vaults:1 | 30536 ||| RETREEEEATING.
 30537 | Vaults:1 | 30537 ||| RETREEEEATING.
 30538 | Vaults:1 | 30538 ||| RETREEEEATING.
 30539 | Vaults:1 | 30539 ||| RETREEEEATING.
 30540 | Vaults:1 | 30540 ||| RETREEEEATING.
 30541 | Vaults:1 | 30541 ||| RETREEEEATING.
 30542 | Vaults:1 | 30542 ||| RETREEEEATING.
 30543 | Vaults:1 | 30543 ||| RETREEEEATING.
 30544 | Vaults:1 | 30544 ||| RETREEEEATING.
 30545 | Vaults:1 | 30545 ||| RETREEEEATING.
 30546 | Vaults:1 | 30546 ||| RETREEEEATING.
 30547 | Vaults:1 | 30547 ||| RETREEEEATING.
 30548 | Vaults:1 | 30548 ||| RETREEEEATING.
 30549 | Vaults:1 | 30549 ||| RETREEEEATING.
 30550 | Vaults:1 | 30550 ||| RETREEEEATING.
 30551 | Vaults:1 | 30551 ||| RETREEEEATING.
 30552 | Vaults:1 | 30552 ||| RETREEEEATING.
 30553 | Vaults:1 | 30553 ||| RETREEEEATING.
 30554 | Vaults:1 | 30554 ||| RETREEEEATING.
 30555 | Vaults:1 | 30555 ||| RETREEEEATING.
 30556 | Vaults:1 | 30556 ||| RETREEEEATING.
 30557 | Vaults:1 | 30557 ||| RETREEEEATING.
 30558 | Vaults:1 | 30558 ||| RETREEEEATING.
 30559 | Vaults:1 | 30559 ||| RETREEEEATING.
 30560 | Vaults:1 | 30560 ||| RETREEEEATING.
 30561 | Vaults:1 | 30561 ||| RETREEEEATING.
 30562 | Vaults:1 | 30562 ||| RETREEEEATING.
 30563 | Vaults:1 | 30563 ||| RETREEEEATING.
 30564 | Vaults:1 | 30564 ||| RETREEEEATING.
 30565 | Vaults:1 | 30565 ||| RETREEEEATING.
 30567 | Vaults:1 | 30567 ||| RETREEEEATING.
 30568 | Vaults:1 | 30568 ||| RETREEEEATING.
 30569 | Vaults:1 | 30569 ||| RETREEEEATING.
 30621 | Vaults:1 | Reached skill level 12 in Armour
 30621 | Vaults:1 | 30621 ||| FLEEEEING.
 30780 | Vaults:1 | 30780 ||| FLEEEEING.
 31004 | Vaults:1 | 31004 ||| DROPPING +4 ring of slaying {mikee}.
 31005 | Vaults:1 | 31005 ||| DROPPING +6 ring of intelligence.
 31055 | Vaults:2 | Received a gift from Okawaru
 31104 | Vaults:2 | 31104 ||| RETREEEEATING.
 31105 | Vaults:2 | 31105 ||| RETREEEEATING.
 31107 | Vaults:2 | 31107 ||| RETREEEEATING.
 31114 | Vaults:2 | 31114 ||| RETREEEEATING.
 31115 | Vaults:2 | 31115 ||| RETREEEEATING.
 31116 | Vaults:2 | 31116 ||| RETREEEEATING.
 31117 | Vaults:2 | 31117 ||| RETREEEEATING.
 31118 | Vaults:2 | 31118 ||| RETREEEEATING.
 31119 | Vaults:2 | 31119 ||| RETREEEEATING.
 31120 | Vaults:2 | 31120 ||| RETREEEEATING.
 31121 | Vaults:2 | 31121 ||| RETREEEEATING.
 31122 | Vaults:2 | 31122 ||| INVOKING Finesse.
 31193 | Vaults:2 | 31193 ||| RETREEEEATING.
 31196 | Vaults:2 | 31196 ||| RETREEEEATING.
 31270 | Vaults:2 | 31270 ||| RETREEEEATING.
 31271 | Vaults:2 | 31271 ||| RETREEEEATING.
 31272 | Vaults:2 | 31272 ||| RETREEEEATING.
 31273 | Vaults:2 | 31273 ||| RETREEEEATING.
 31274 | Vaults:2 | 31274 ||| RETREEEEATING.
 31276 | Vaults:2 | 31276 ||| RETREEEEATING.
 31292 | Vaults:2 | Reached XP level 20. HP: 135/145 MP: 27/27
 31335 | Vaults:2 | 31335 ||| FLEEEEING.
 31339 | Vaults:2 | 31339 ||| FLEEEEING.
 31340 | Vaults:2 | 31340 ||| FLEEEEING.
 31359 | Vaults:2 | 31359 ||| FLEEEEING.
 31440 | Vaults:2 | Reached skill level 15 in Dodging
 31456 | Vaults:2 | 31456 ||| RETREEEEATING.
 31458 | Vaults:2 | 31458 ||| RETREEEEATING.
 31460 | Vaults:2 | 31460 ||| RETREEEEATING.
 31466 | Vaults:2 | 31466 ||| RETREEEEATING.
 31548 | Vaults:2 | 31548 ||| INVOKING Finesse.
 31638 | Vaults:2 | 31638 ||| INVOKING Finesse.
 31712 | Vaults:2 | 31712 ||| FLEEEEING.
 31718 | Vaults:2 | 31718 ||| READING 15 scrolls of identify.
 31718 | Vaults:2 | 31718 ||| IDENTIFYING white potion
 31719 | Vaults:2 | 31719 ||| DROPPING potion of degeneration.
 31978 | Vaults:2 | Found Naej Wyg's Magic Scroll Shoppe.
 31982 | Vaults:2 | 31982 ||| BUYING scroll of enchant armour (135 gold).
 31982 | Vaults:2 | Bought a scroll of enchant armour for 135 gold pieces
 31982 | Vaults:2 | 31982 ||| BUYING scroll of enchant armour (135 gold).
 31982 | Vaults:2 | Bought a scroll of enchant armour for 135 gold pieces
 31982 | Vaults:2 | 31982 ||| BUYING scroll of enchant armour (135 gold).
 31982 | Vaults:2 | Bought a scroll of enchant armour for 135 gold pieces
 31982 | Vaults:2 | 31982 ||| BUYING scroll of teleportation (54 gold).
 31982 | Vaults:2 | Bought a scroll of teleportation for 54 gold pieces
 31982 | Vaults:2 | 31982 ||| READING 3 scrolls of enchant armour.
 31982 | Vaults:2 | 31982 ||| ENCHANTING +1 helmet of see invisible.
 31983 | Vaults:2 | 31983 ||| READING 2 scrolls of enchant armour.
 31983 | Vaults:2 | 31983 ||| ENCHANTING +0 troll leather armour.
 31984 | Vaults:2 | 31984 ||| READING scroll of enchant armour.
 31984 | Vaults:2 | 31984 ||| ENCHANTING +1 troll leather armour.
 32097 | Vaults:2 | 32097 ||| FLEEEEING.
 32101 | Vaults:2 | 32101 ||| FLEEEEING.
 32102 | Vaults:2 | 32102 ||| FLEEEEING.
 32103 | Vaults:2 | 32103 ||| FLEEEEING.
 32104 | Vaults:2 | 32104 ||| FLEEEEING.
 32105 | Vaults:2 | 32105 ||| FLEEEEING.
 32106 | Vaults:2 | 32106 ||| FLEEEEING.
 32107 | Vaults:2 | 32107 ||| FLEEEEING.
 32128 | Vaults:2 | 32128 ||| FLEEEEING.
 32129 | Vaults:2 | 32129 ||| FLEEEEING.
 32173 | Vaults:2 | 32173 ||| RETREEEEATING.
 32174 | Vaults:2 | 32174 ||| INVOKING Finesse.
 32178 | Vaults:2 | Received a gift from Okawaru
 32217 | Vaults:2 | Reached skill level 23 in Fighting
 32465 | Vaults:2 | 32465 ||| DROPPING +2 helmet.
 32466 | Vaults:2 | 32466 ||| DROPPING +2 ring mail of cold resistance.
 32555 | Vaults:3 | 32555 ||| RETREEEEATING.
 32560 | Vaults:3 | 32560 ||| RETREEEEATING.
 32590 | Vaults:3 | 32590 ||| FLEEEEING.
 32669 | Vaults:3 | Noticed Norris
 32670 | Vaults:3 | 32670 ||| RETREEEEATING.
 32672 | Vaults:3 | 32672 ||| RETREEEEATING.
 32673 | Vaults:3 | 32673 ||| INVOKING Finesse.
 32687 | Vaults:3 | Killed Norris
 32728 | Vaults:3 | 32728 ||| RETREEEEATING.
 32729 | Vaults:3 | 32729 ||| RETREEEEATING.
 32730 | Vaults:3 | 32730 ||| RETREEEEATING.
 32731 | Vaults:3 | 32731 ||| RETREEEEATING.
 32822 | Vaults:3 | 32822 ||| INVOKING Finesse.
 33035 | Vaults:3 | 33035 ||| RETREEEEATING.
 33036 | Vaults:3 | 33036 ||| INVOKING Finesse.
 33106 | Vaults:3 | 33106 ||| RETREEEEATING.
 33112 | Vaults:3 | 33112 ||| RETREEEEATING.
 33115 | Vaults:3 | 33115 ||| RETREEEEATING.
 33116 | Vaults:3 | 33116 ||| RETREEEEATING.
 33138 | Vaults:3 | Received a gift from Okawaru
 33184 | Vaults:3 | 33184 ||| FLEEEEING.
 33185 | Vaults:3 | 33185 ||| FLEEEEING.
 33226 | Vaults:3 | 33226 ||| RETREEEEATING.
 33233 | Vaults:3 | 33233 ||| FLEEEEING.
 33236 | Vaults:3 | 33236 ||| FLEEEEING.
 33237 | Vaults:3 | 33237 ||| FLEEEEING.
 33238 | Vaults:3 | 33238 ||| FLEEEEING.
 33239 | Vaults:3 | 33239 ||| FLEEEEING.
 33240 | Vaults:3 | 33240 ||| FLEEEEING.
 33241 | Vaults:3 | 33241 ||| FLEEEEING.
 33242 | Vaults:3 | 33242 ||| FLEEEEING.
 33243 | Vaults:3 | 33243 ||| FLEEEEING.
 33245 | Vaults:3 | 33245 ||| FLEEEEING.
 33246 | Vaults:3 | 33246 ||| FLEEEEING.
 33247 | Vaults:3 | 33247 ||| FLEEEEING.
 33248 | Vaults:3 | 33248 ||| FLEEEEING.
 33249 | Vaults:3 | 33249 ||| FLEEEEING.
 33251 | Vaults:3 | 33251 ||| FLEEEEING.
 33252 | Vaults:3 | 33252 ||| FLEEEEING.
 33253 | Vaults:3 | 33253 ||| FLEEEEING.
 33254 | Vaults:3 | 33254 ||| FLEEEEING.
 33255 | Vaults:3 | 33255 ||| FLEEEEING.
 33256 | Vaults:3 | 33256 ||| FLEEEEING.
 33257 | Vaults:3 | 33257 ||| FLEEEEING.
 33258 | Vaults:3 | 33258 ||| FLEEEEING.
 33259 | Vaults:3 | 33259 ||| FLEEEEING.
 33325 | Vaults:3 | 33325 ||| INVOKING Finesse.
 33729 | Vaults:3 | Found a staircase to the Crypt.
 33816 | Vaults:4 | 33816 ||| STAIRDANCE
 33846 | Vaults:4 | Found the +2 shield of Resistance {rF++ rC++ Will++}
 33868 | Vaults:4 | Reached XP level 21. HP: 155/155 MP: 28/28
 33877 | Vaults:4 | Found Zuco Casi's Antique Weapon Shop.
 33892 | Vaults:4 | Noticed Sojobo
 33893 | Vaults:4 | 33893 ||| RETREEEEATING.
 33894 | Vaults:4 | 33894 ||| RETREEEEATING.
 33895 | Vaults:4 | 33895 ||| RETREEEEATING.
 33896 | Vaults:4 | 33896 ||| RETREEEEATING.
 33897 | Vaults:4 | 33897 ||| RETREEEEATING.
 33898 | Vaults:4 | 33898 ||| RETREEEEATING.
 33901 | Vaults:4 | 33901 ||| RETREEEEATING.
 33910 | Vaults:4 | 33910 ||| INVOKING Finesse.
 33924 | Vaults:4 | Reached skill level 24 in Fighting
 33956 | Vaults:4 | HP: 34/156 [tengu reaver/+1 glaive of freezing[Sojobo] (6)]
 33957 | Vaults:4 | 33957 ||| READING 9 scrolls of teleportation.
 33958 | Vaults:4 | 33958 ||| DRINKING 5 potions of heal wounds.
 33961 | Vaults:4 | Paralysed by an air elemental for 1 turns
 33963 | Vaults:4 | 33963 ||| RETREEEEATING.
 33964 | Vaults:4 | 33964 ||| RETREEEEATING.
 33965 | Vaults:4 | 33965 ||| RETREEEEATING.
 33968 | Vaults:4 | 33968 ||| RETREEEEATING.
 33970 | Vaults:4 | 33970 ||| RETREEEEATING.
 33971 | Vaults:4 | 33971 ||| RETREEEEATING.
 33972 | Vaults:4 | 33972 ||| RETREEEEATING.
 33977 | Vaults:4 | HP: 34/156 [ironbound thunderhulk/bolt of lightning (11)]
 33978 | Vaults:4 | 33978 ||| READING 8 scrolls of teleportation.
 33979 | Vaults:4 | 33979 ||| DRINKING 4 potions of heal wounds.
 33982 | Vaults:4 | Paralysed by an air elemental for 1 turns
 33983 | Vaults:4 | HP: 34/156 [deep troll[an ironbound preserver] (13)]
 33984 | Vaults:4 | 33984 ||| DRINKING 3 potions of heal wounds.
 34099 | Vaults:4 | Received a gift from Okawaru
 34146 | Vaults:4 | 34146 ||| INVOKING Finesse.
 34327 | Vaults:4 | 34327 ||| FLEEEEING.
 34346 | Vaults:4 | 34346 ||| RETREEEEATING.
 34347 | Vaults:4 | 34347 ||| RETREEEEATING.
 34348 | Vaults:4 | 34348 ||| RETREEEEATING.
 34349 | Vaults:4 | 34349 ||| RETREEEEATING.
 34350 | Vaults:4 | 34350 ||| RETREEEEATING.
 34351 | Vaults:4 | 34351 ||| RETREEEEATING.
 34354 | Vaults:4 | 34354 ||| INVOKING Finesse.
 34398 | Vaults:4 | 34398 ||| RETREEEEATING.
 34399 | Vaults:4 | 34399 ||| INVOKING Heroism.
 34407 | Vaults:4 | HP: 39/156 [tengu reaver/bolt of lightning[Sojobo] (5)]
 34408 | Vaults:4 | 34408 ||| READING 7 scrolls of teleportation.
 34409 | Vaults:4 | 34409 ||| DRINKING 2 potions of heal wounds.
 34410 | Vaults:4 | 34410 ||| RETREEEEATING.
 34421 | Vaults:4 | 34421 ||| FLEEEEING.
 34451 | Vaults:4 | HP: 32/156 [Sojobo/the air (29)]
 34452 | Vaults:4 | 34452 ||| READING 6 scrolls of teleportation.
 34453 | Vaults:4 | 34453 ||| DRINKING potion of heal wounds.
 34454 | Vaults:4 | 34454 ||| RETREEEEATING.
 34468 | Vaults:4 | 34468 ||| RETREEEEATING.
 34469 | Vaults:4 | 34469 ||| RETREEEEATING.
 34470 | Vaults:4 | 34470 ||| RETREEEEATING.
 34471 | Vaults:4 | 34471 ||| RETREEEEATING.
 34472 | Vaults:4 | 34472 ||| RETREEEEATING.
 34473 | Vaults:4 | 34473 ||| RETREEEEATING.
 34474 | Vaults:4 | 34474 ||| RETREEEEATING.
 34475 | Vaults:4 | 34475 ||| RETREEEEATING.
 34476 | Vaults:4 | 34476 ||| RETREEEEATING.
 34477 | Vaults:4 | 34477 ||| RETREEEEATING.
 34478 | Vaults:4 | 34478 ||| RETREEEEATING.
 34480 | Vaults:4 | 34480 ||| RETREEEEATING.
 34485 | Vaults:4 | 34485 ||| RETREEEEATING.
 34496 | Vaults:4 | 34496 ||| FLEEEEING.
 34510 | Vaults:4 | 34510 ||| INVOKING Finesse.
 34518 | Vaults:4 | Received a gift from Okawaru
 34598 | Vaults:4 | 34598 ||| INVOKING Finesse.
 34623 | Vaults:4 | Killed Sojobo
 34801 | Vaults:4 | 34801 ||| RETREEEEATING.
 34804 | Vaults:4 | 34804 ||| RETREEEEATING.
 34914 | Vaults:4 | 34914 ||| FLEEEEING.
 34939 | Vaults:4 | 34939 ||| FLEEEEING.
 34940 | Vaults:4 | 34940 ||| FLEEEEING.
 34941 | Vaults:4 | 34941 ||| FLEEEEING.
 34944 | Vaults:4 | 34944 ||| FLEEEEING.
 34945 | Vaults:4 | 34945 ||| FLEEEEING.
 34946 | Vaults:4 | 34946 ||| FLEEEEING.
 34947 | Vaults:4 | 34947 ||| FLEEEEING.
 34948 | Vaults:4 | 34948 ||| FLEEEEING.
 34949 | Vaults:4 | 34949 ||| FLEEEEING.
 34950 | Vaults:4 | 34950 ||| FLEEEEING.
 34951 | Vaults:4 | 34951 ||| FLEEEEING.
 34952 | Vaults:4 | 34952 ||| FLEEEEING.
 34953 | Vaults:4 | 34953 ||| FLEEEEING.
 34954 | Vaults:4 | 34954 ||| FLEEEEING.
 34955 | Vaults:4 | 34955 ||| FLEEEEING.
 34995 | Vaults:4 | 34995 ||| RETREEEEATING.
 35195 | Vaults:4 | 35195 ||| INVOKING Finesse.
 35209 | Vaults:4 | Received a gift from Okawaru
 35579 | Vaults:4 | 35579 ||| PLANNING SWAMP:4
 35579 | Vaults:4 | 35579 ||| SWAPPING to +0 hand cannon.
 35580 | Vaults:4 | 35580 ||| DROPPING +1 arbalest "Eviscerator" {speed, rN+
                  | Will++}.
 35581 | Vaults:4 | 35581 ||| READING 2 scrolls of brand weapon.
 35581 | Vaults:4 | 35581 ||| BRANDING +0 hand cannon.
 35582 | Vaults:4 | 35582 ||| READING scroll of brand weapon.
 35582 | Vaults:4 | 35582 ||| BRANDING +0 hand cannon of electrocution.
 35583 | Vaults:4 | 35583 ||| DROPPING +1 helmet of see invisible.
 35864 | Swamp:4  | Entered Level 4 of the Swamp
 35890 | Swamp:4  | 35890 ||| RETREEEEATING.
 35891 | Swamp:4  | 35891 ||| RETREEEEATING.
 35892 | Swamp:4  | 35892 ||| RETREEEEATING.
 35893 | Swamp:4  | 35893 ||| RETREEEEATING.
 35894 | Swamp:4  | 35894 ||| RETREEEEATING.
 35895 | Swamp:4  | 35895 ||| RETREEEEATING.
 35896 | Swamp:4  | 35896 ||| RETREEEEATING.
 35897 | Swamp:4  | 35897 ||| RETREEEEATING.
 35898 | Swamp:4  | 35898 ||| RETREEEEATING.
 35899 | Swamp:4  | 35899 ||| RETREEEEATING.
 35901 | Swamp:4  | 35901 ||| INVOKING Finesse.
 35965 | Swamp:4  | 35965 ||| RETREEEEATING.
 35966 | Swamp:4  | 35966 ||| RETREEEEATING.
 35977 | Swamp:4  | 35977 ||| INVOKING Finesse.
 35981 | Swamp:4  | 35981 ||| RETREEEEATING.
 36078 | Swamp:4  | 36078 ||| RETREEEEATING.
 36080 | Swamp:4  | 36080 ||| RETREEEEATING.
 36081 | Swamp:4  | 36081 ||| RETREEEEATING.
 36190 | Swamp:4  | 36190 ||| INVOKING Finesse.
 36208 | Swamp:4  | 36208 ||| Stepping ~*~*~tactically~*~*~ (cloud).
 36227 | Swamp:4  | Identified the ring of Luvahaiv {rN+ Str+4 SInv Stlth+}
 36342 | Swamp:4  | 36342 ||| RETREEEEATING.
 36390 | Swamp:4  | 36390 ||| FLEEEEING.
 36436 | Swamp:4  | Reached XP level 22. HP: 163/163 MP: 29/29
 36483 | Swamp:4  | Reached skill level 21 in Ranged Weapons
 36502 | Swamp:4  | 36502 ||| FLEEEEING.
 36533 | Swamp:4  | Got a decaying rune of Zot
 36662 | Swamp:4  | 36662 ||| PLANNING DEPTHS
 36914 | Depths:1 | Entered Level 1 of the Depths
 36915 | Depths:1 | 36915 ||| STAIRDANCE
 36931 | Depths:1 | 36931 ||| STAIRDANCE
 36977 | Depths:1 | 36977 ||| STAIRDANCE
 36979 | D:15     | 36979 ||| INVOKING Finesse.
 37019 | D:15     | 37019 ||| FLEEEEING.
 37067 | Depths:1 | 37067 ||| STAIRDANCE
 37084 | Depths:1 | 37084 ||| RETREEEEATING.
 37088 | Depths:1 | 37088 ||| INVOKING Finesse.
 37150 | Depths:1 | 37150 ||| RETREEEEATING.
 37151 | Depths:1 | 37151 ||| RETREEEEATING.
 37152 | Depths:1 | 37152 ||| INVOKING Finesse.
 37161 | Depths:1 | Received a gift from Okawaru
 37268 | Depths:1 | 37268 ||| FLEEEEING.
 37272 | Depths:1 | 37272 ||| STAIRDANCE
 37398 | Depths:1 | Found a gateway to Hell.
 37436 | Depths:1 | 37436 ||| FLEEEEING.
 37467 | Depths:1 | 37467 ||| FLEEEEING.
 37468 | Depths:1 | 37468 ||| FLEEEEING.
 37469 | Depths:1 | 37469 ||| FLEEEEING.
 37470 | Depths:1 | 37470 ||| FLEEEEING.
 37471 | Depths:1 | 37471 ||| FLEEEEING.
 37472 | Depths:1 | 37472 ||| FLEEEEING.
 37473 | Depths:1 | 37473 ||| FLEEEEING.
 37474 | Depths:1 | 37474 ||| FLEEEEING.
 37475 | Depths:1 | 37475 ||| FLEEEEING.
 37476 | Depths:1 | 37476 ||| FLEEEEING.
 37501 | Depths:1 | 37501 ||| FLEEEEING.
 37511 | Depths:1 | 37511 ||| STAIRDANCE
 37631 | Depths:1 | Found an ornate altar of the Wu Jian Council.
 37730 | Depths:1 | Found a radiant altar of Vehumet.
 37928 | Depths:2 | 37928 ||| PLANNING WIZLAB
 37957 | Depths:2 | 37957 ||| RETREEEEATING.
 37958 | Depths:2 | 37958 ||| RETREEEEATING.
 37960 | Depths:2 | 37960 ||| RETREEEEATING.
 37961 | Depths:2 | 37961 ||| RETREEEEATING.
 37962 | Depths:2 | 37962 ||| RETREEEEATING.
 37963 | Depths:2 | 37963 ||| RETREEEEATING.
 37964 | Depths:2 | 37964 ||| RETREEEEATING.
 37965 | Depths:2 | 37965 ||| RETREEEEATING.
 37966 | Depths:2 | 37966 ||| RETREEEEATING.
 37967 | Depths:2 | 37967 ||| INVOKING Finesse.
 38136 | Depths:2 | 38136 ||| FLEEEEING.
 38236 | Depths:2 | Found a one-way gate to the infinite horrors of the Abyss.
 38300 | Depths:2 | Received a gift from Okawaru
 38443 | Depths:2 | Found a magical portal.
 38463 | WizLab   | Entered The Roulette of Golubria
 38463 | WizLab   | Found a transporter.
 38466 | WizLab   | Found a corrupted altar of Lugonu.
 38643 | WizLab   | Found a transporter.
 38656 | WizLab   | Found a transporter.
 38694 | WizLab   | Found a corrupted altar of Lugonu.
 38757 | WizLab   | Found a transporter.
 38819 | WizLab   | Found a transporter.
 38826 | WizLab   | Found a transporter.
 38856 | WizLab   | Found a transporter.
 38965 | WizLab   | Found a transporter.
 38965 | WizLab   | Found a transporter.
 39037 | WizLab   | Found a transporter.
 39088 | WizLab   | 39088 ||| RETREEEEATING.
 39089 | WizLab   | 39089 ||| RETREEEEATING.
 39090 | WizLab   | 39090 ||| RETREEEEATING.
 39092 | WizLab   | 39092 ||| RETREEEEATING.
 39093 | WizLab   | 39093 ||| RETREEEEATING.
 39094 | WizLab   | 39094 ||| RETREEEEATING.
 39095 | WizLab   | 39095 ||| RETREEEEATING.
 39097 | WizLab   | 39097 ||| INVOKING Finesse.
 39117 | WizLab   | HP: 37/163 [angel/+3 sacred scourge of holy wrath (12)]
 39118 | WizLab   | 39118 ||| READING 6 scrolls of teleportation.
 39119 | WizLab   | 39119 ||| DRINKING 3 potions of heal wounds.
 39232 | WizLab   | Found a transporter.
 39232 | WizLab   | Found a transporter.
 39265 | WizLab   | Found a transporter.
 39265 | WizLab   | Found a transporter.
 39296 | WizLab   | 39296 ||| RETREEEEATING.
 39297 | WizLab   | 39297 ||| RETREEEEATING.
 39397 | WizLab   | 39397 ||| INVOKING Finesse.
 39441 | WizLab   | Identified the +2 cloak of Joy {rPois rN+ Str-3 Int+2}
 39559 | WizLab   | 39559 ||| RETREEEEATING.
 39560 | WizLab   | 39560 ||| RETREEEEATING.
 39561 | WizLab   | 39561 ||| RETREEEEATING.
 39562 | WizLab   | 39562 ||| RETREEEEATING.
 39607 | WizLab   | Identified the +7 mace "Putynuucut" {drain, ^Fragile rPois
                  | Str+2}
 39616 | WizLab   | Identified the +1 cloak of Peosah {Int+5}
 39622 | WizLab   | 39622 ||| DROPPING +2 cloak of stealth.
 39623 | WizLab   | 39623 ||| DROPPING +2 cloak of Joy {rPois rN+ Str-3 Int+2}.
 39624 | WizLab   | 39624 ||| DROPPING +1 cloak of Peosah {Int+5}.
 39652 | WizLab   | Found a transporter.
 39656 | WizLab   | 39656 ||| RETREEEEATING.
 39659 | WizLab   | 39659 ||| RETREEEEATING.
 39674 | WizLab   | Found a transporter.
 39674 | WizLab   | Found a transporter.
 39693 | WizLab   | 39693 ||| RETREEEEATING.
 39762 | WizLab   | Found a transporter.
 39777 | WizLab   | HP: 25/163 [white very ugly thing[a boggart] (19)]
 39778 | WizLab   | 39778 ||| READING 9 scrolls of teleportation.
 39779 | WizLab   | 39779 ||| DRINKING 2 potions of heal wounds.
 39964 | WizLab   | 39964 ||| INVOKING Finesse.
 40534 | WizLab   | Found a transporter.
 40537 | WizLab   | 40537 ||| RETREEEEATING.
 40538 | WizLab   | 40538 ||| INVOKING Finesse.
 43533 | WizLab   | Glimpsed the power of Zot.
 44033 | WizLab   | Glimpsed the power of Zot.
 44433 | WizLab   | Glimpsed the power of Zot.
 44533 | WizLab   | Touched by the power of Zot (MHP 163 -> 133)
 44534 | WizLab   | Glimpsed the power of Zot.
 45034 | WizLab   | Glimpsed the power of Zot.
 45434 | WizLab   | Glimpsed the power of Zot.
 45533 | WizLab   | Touched by the power of Zot (MHP 139 -> 113)
 45534 | WizLab   | Glimpsed the power of Zot.
 46034 | WizLab   | Glimpsed the power of Zot.
 46434 | WizLab   | Glimpsed the power of Zot.
 46533 | WizLab   | Touched by the power of Zot (MHP 118 -> 96)
 46534 | WizLab   | Glimpsed the power of Zot.
 47034 | WizLab   | Glimpsed the power of Zot.
 47063 | WizLab   | Found a corrupted altar of Lugonu.
 47434 | WizLab   | Glimpsed the power of Zot.
 47533 | WizLab   | Touched by the power of Zot (MHP 100 -> 81)
 47534 | WizLab   | Glimpsed the power of Zot.
 48034 | WizLab   | Glimpsed the power of Zot.
 48434 | WizLab   | Glimpsed the power of Zot.
 48533 | WizLab   | Touched by the power of Zot (MHP 85 -> 68)
 48534 | WizLab   | Glimpsed the power of Zot.
 49034 | WizLab   | Glimpsed the power of Zot.
 49434 | WizLab   | Glimpsed the power of Zot.
 49533 | WizLab   | Touched by the power of Zot (MHP 72 -> 57)
 49534 | WizLab   | Glimpsed the power of Zot.
 50034 | WizLab   | Glimpsed the power of Zot.
 50434 | WizLab   | Glimpsed the power of Zot.
 50533 | WizLab   | Touched by the power of Zot (MHP 60 -> 47)
 50534 | WizLab   | Glimpsed the power of Zot.
 51034 | WizLab   | Glimpsed the power of Zot.
 51434 | WizLab   | Glimpsed the power of Zot.
 51533 | WizLab   | Touched by the power of Zot (MHP 49 -> 38)
 51534 | WizLab   | Glimpsed the power of Zot.
 52034 | WizLab   | Glimpsed the power of Zot.
 52434 | WizLab   | Glimpsed the power of Zot.
 52533 | WizLab   | Touched by the power of Zot (MHP 40 -> 31)
 52534 | WizLab   | Glimpsed the power of Zot.
 53034 | WizLab   | Glimpsed the power of Zot.
 53434 | WizLab   | Glimpsed the power of Zot.
 53533 | WizLab   | Touched by the power of Zot (MHP 33 -> 25)
 53534 | WizLab   | Glimpsed the power of Zot.
 54034 | WizLab   | Glimpsed the power of Zot.
 54434 | WizLab   | Glimpsed the power of Zot.
 54533 | WizLab   | Touched by the power of Zot (MHP 27 -> 20)
 54534 | WizLab   | Glimpsed the power of Zot.
 55034 | WizLab   | Glimpsed the power of Zot.
 55434 | WizLab   | Glimpsed the power of Zot.
 55533 | WizLab   | Touched by the power of Zot (MHP 21 -> 15)
 55534 | WizLab   | Glimpsed the power of Zot.
 56034 | WizLab   | Glimpsed the power of Zot.
 56434 | WizLab   | Glimpsed the power of Zot.
 56533 | WizLab   | Touched by the power of Zot (MHP 16 -> 11)
 56534 | WizLab   | Glimpsed the power of Zot.
 57034 | WizLab   | Glimpsed the power of Zot.
 57434 | WizLab   | Glimpsed the power of Zot.
 57533 | WizLab   | Touched by the power of Zot (MHP 12 -> 7)
 57534 | WizLab   | Glimpsed the power of Zot.
 58034 | WizLab   | Glimpsed the power of Zot.
 58434 | WizLab   | Glimpsed the power of Zot.
 58533 | WizLab   | Touched by the power of Zot (MHP 8 -> 4)
 58534 | WizLab   | Glimpsed the power of Zot.
 59034 | WizLab   | Glimpsed the power of Zot.
 59434 | WizLab   | Glimpsed the power of Zot.
 59533 | WizLab   | Touched by the power of Zot (MHP 5 -> 2)
 59534 | WizLab   | Glimpsed the power of Zot.
 60034 | WizLab   | Glimpsed the power of Zot.
 60434 | WizLab   | Glimpsed the power of Zot.
 60533 | WizLab   | Touched by the power of Zot (MHP 3 -> 1)
 60534 | WizLab   | 60534 ||| QUITTING!
 60534 | WizLab   | Quit the game

Levels and vault maps discovered:
D:1:      minmay_arrival_solitary_statue, layout_loops_ring,
          shapermc_ecumenical_altar_mp_vishouse
D:2:      layout_basic, serial_shops, nicolae_shop_tiny_waterfront,
          serial_park_tiny_1, minmay_tetromino_t4, uniq_jessica
D:3:      layout_loops_cross
D:4:      kennysheep_spiral_hall, layout_layer_cave, lemuel_doored_altar,
          serial_shops, shop, uniq_crazy_yiuf_cottage, uniq_natasha
D:5:      layout_loops_corners, minmay_temple_entry_trees, serial_library,
          serial_library_hellmonk_layered_room,
          serial_library_regret_index_small_wings,
          serial_library_hellmonk_small_corner,
          serial_library_hellmonk_narrow_alcove,
          serial_library_hellmonk_octagon,
          serial_library_regret_index_split_case,
          serial_library_hellmonk_angled_corner,
          serial_library_regret_index_double_sided,
          serial_library_hellmonk_junction
D:6:      layout_layer_cave, nicolae_dithmenos_shadow_blocks
D:7:      minmay_chambers_of_sevens, layout_basic, mainiacjoe_overflow_alcove_1,
          nicolae_uskayaw_en_pointe, uniq_menkaure, uniq_pikel, uniq_duvessa
D:8:      layout_basic, uniq_psyche
D:9:      layout_basic, mainiacjoe_overflow_small_starburst
D:10:     layout_roguey, hellmonk_lair_entry_icy, nicolae_diode_stairs,
          uniq_grum
D:11:     kennysheep_kobold_lugonu_temple, layout_loops_corners,
          trog_butcher_becter
D:12:     layout_grid_maze, david_orc_3, chequers_serial_rivers_micro_b
D:13:     layout_roguey, skrybe_vaults_entry_preservation, serial_shops,
          nicolae_shop_window_shopping, uniq_jorgrun
D:14:     layout_stronghold, elyvilon_altar_4, gammafunk_ghost_cemetery,
          lemuel_blue_sif_altar, uniq_roxanne
D:15:     gammafunk_depths_entry_grave, layout_basic, gauntlet_entry_generic,
          cheibriados_altar_1
Temple:   bh_familiar_temple
Lair:1:   layout_cave_shapes, lemuel_centaur_altar, grunt_megastairs_1,
          uniq_urug
Lair:2:   layout_gridlike
Lair:3:   layout_chaotic_city, swamp_mist, spider_nest_entry_funnel_web,
          nicolae_volcano_entry_hallway, grunt_megastairs_4,
          infiniplex_staircase_pool
Lair:4:   layout_roguey, slime_entry_1, serial_bayou_shore_a
Lair:5:   minmay_lair_end_frog_pond, layout_small_grid, serial_bayou_lagoon_b
Swamp:1:  layout_basic_swamp, evilmike_swamp_ruin_house_4, uniq_mlioglotl
Swamp:2:  layout_basic_swamp, evilmike_swamp_ruin_wall,
          infiniplex_staircase_pool_2
Swamp:3:  layout_basic_swamp, nicolae_swamp_treefoil
Swamp:4:  swamp_vile, layout_basic_swamp
Spider:1: nicolae_spider_corner, uniq_azrael
Spider:2: nicolae_spider_hilbert_zone_3 [nicolae_spider_hilbert_4_sides_2_open,
          nicolae_spider_hilbert_3_sides_1_open,
          nicolae_spider_hilbert_3_sides_1_open,
          nicolae_spider_hilbert_3_sides_1_open,
          nicolae_spider_hilbert_3_sides_1_open,
          nicolae_spider_hilbert_4_sides_1_open,
          nicolae_spider_hilbert_4_sides_1_open,
          nicolae_spider_hilbert_4_sides_1_open,
          nicolae_spider_hilbert_4_sides_1_open,
          nicolae_spider_hilbert_4_sides_1_open,
          nicolae_spider_hilbert_4_sides_1_open,
          nicolae_spider_hilbert_4_sides_1_open,
          nicolae_spider_hilbert_4_sides_1_open,
          nicolae_spider_hilbert_3_sides_1_open,
          nicolae_spider_hilbert_3_sides_1_open,
          nicolae_spider_hilbert_3_sides_1_open,
          nicolae_spider_hilbert_3_sides_1_open], spiders_nest_spider_trap
Spider:3: layout_chambers
Spider:4: spider_rune_water
Orc:1:    layout_diamond_mine, serial_shops, nicolae_shop_statue_plus,
          uniq_fannar, uniq_sonja
Orc:2:    pf_orc_diabolical, layout_caves, nicolae_orc_lost_temple
Vaults:1: nicolae_vaults_closet_pinwheel_2, nicolae_vaults_arrows,
          nicolae_vaults_branching_niches, nicolae_vaults_stepped_doors,
          vaults_dpeg_spiral, nicolae_vaults_wrenched, v_pattern_1,
          nicolae_vaults_little_squares_2, nicolae_vaults_house_2,
          nicolae_vaults_hexular_roomagon, layout_vaults_omnigrid
Vaults:2: nicolae_vaults_house_1, vaults_room_glass_cross, v_rooms_6,
          vaults_room_fancy_cross, nicolae_vaults_meiosis, vaults_dpeg_diagonal,
          nicolae_vaults_heist, nicolae_vaults_two_Ls, v_misc_28,
          layout_vaults_omnicross, serial_shops, nicolae_shop_just_a_little_nook
Vaults:3: nicolae_vaults_hexular_roomagon, nicolae_vaults_layer_cake_slice,
          blue_anna_dwarven_crypt, v_misc_29, vaults_mumra_chevron,
          vaults_mumra_chevron_long, nicolae_vaults_trapezoid_4, v_misc_3,
          nicolae_vaults_surprise_closet, nicolae_vaults_tetromino_T_1,
          nicolae_vaults_storage_closets_3, layout_vaults_big_room, uniq_norris
Vaults:4: v_misc_33, nicolae_vaults_lopsided_apartments, vaults_mumra_hex,
          nicolae_vaults_tetromino_L_1, dpeg_vaults_monster_box,
          nicolae_vaults_trapezoid_2, v_pattern_2, v_misc_27, v_alt_pattern_4,
          vaults_dpeg_hooks, nicolae_vaults_closet_pinwheel_1,
          layout_vaults_omnibox, serial_shops, shop_coins, uniq_sojobo
Depths:1: layout_cross, fiery_altar_vehumet, hangedman_coc_ice_floe,
          grunt_ministairs_7, nicolae_wu_jian_wuxing_cycle
Depths:2: nzn_winding_woodlands_huge [nzn_winding_woodlands_5x15_cabin,
          nzn_winding_woodlands_5x15_eye, nzn_winding_woodlands_5x15_concentric,
          nzn_winding_woodlands_5x15_crooked,
          nzn_winding_woodlands_5x15_sidewinder,
          nzn_winding_woodlands_5x15_jagged, nzn_winding_woodlands_5x15_pockets,
          nzn_winding_woodlands_5x15_split_checker,
          nzn_winding_woodlands_5x15_zeroes,
          nzn_winding_woodlands_5x15_pathside_ponds,
          nzn_winding_woodlands_center_garden,
          nzn_winding_woodlands_center_triple_pond,
          nzn_winding_woodlands_15x15_killbox], layout_basic,
          hangedman_decor_clover_reticule, abyss_entry, pan_entry,
          mu_enter_wizlab_1, hell_entry, serial_bayou_pond_d,
          minmay_staircase_windowed_small
WizLab:   wizlab_golubria

Skill      XL: |  1  2  3  4  5  6  7  8  9 10 11 12 13 14 15 16 17 18 19 20 21 22 |
---------------+-------------------------------------------------------------------+-----
Ranged Weapons | 5 6 7 8 9 10 13 14 15 17 19 20 23 | 23.5
Fighting       | 3 4 5 6 7 8 9 10 11 12 14 17 18 20 22 23 24 | 24.5
Dodging        | 2 3 5 6 8 9 10 12 13 14 16 17 | 17.0
Armour         | 1 2 3 4 6 7 9 10 11 12 13 | 13.0
Invocations    | 2 4 5 9 10 | 10.0
Stealth        | |  1.1

Action                     |  1- 3 |  4- 6 |  7- 9 | 10-12 | 13-15 | 16-18 | 19-21 | 22-24 || total
---------------------------+-------+-------+-------+-------+-------+-------+-------+-------++-------
   Fire: Shortbow          |   121 |   157 |   343 |   113 |       |       |       |       ||   734
         Orcbow            |       |       |       |   662 |       |       |       |       ||   662
         Longbow           |       |       |       |    17 |  1207 |     1 |       |       ||  1225
         Arbalest          |       |       |       |       |       |  1770 |  1736 |       ||  3506
         Hand cannon       |       |       |       |       |       |       |   183 |   964 ||  1147
 Invoke: Heroism           |       |       |     4 |     1 |     2 |     1 |     1 |       ||     9
         Finesse           |       |       |       |     6 |     8 |    10 |    20 |     8 ||    52
         Receive Weapon    |       |       |       |     1 |       |       |       |       ||     1
         Receive Armour    |       |       |       |     1 |       |       |       |       ||     1
  Evoke: Wand              |       |       |       |     3 |       |       |       |       ||     3
    Use: Scroll            |     4 |     7 |     6 |     8 |     8 |     5 |    10 |     2 ||    50
         Potion            |       |       |     3 |     3 |       |     4 |     5 |     2 ||    17
 Armour: Leather armour    |    34 |     3 |       |       |       |       |       |       ||    37
         Robe              |       |    27 |   121 |   197 |   150 |       |       |       ||   495
         Troll leather arm |       |       |       |       |    98 |   443 |   496 |   512 ||  1549
  Dodge: Dodged            |    28 |    23 |   116 |   237 |   339 |   674 |  1144 |  1821 ||  4382
  Block: Other             |       |       |       |       |       |   123 |   170 |   259 ||   552
         Reflection        |       |       |       |       |       |       |    10 |     3 ||    13

Table legend:
 A = Non-vault XP
 B = Vault XP
 C = Vault XP percentage of total XP
 D = Non-vault monster count
 E = Vault monster count
 F = Vault count percentage of total count
                 A         B        C        D         E       F
            +---------+---------+-------+---------+---------+-------
      Total |  406063 |  293858 |  42.0 |    1037 |     547 |  34.5
            +---------+---------+-------+---------+---------+-------
        D:1 |      33 |       0 |   0.0 |      20 |       0 |   0.0
        D:2 |      71 |      44 |  38.3 |      18 |       4 |  18.2
        D:3 |     274 |       0 |   0.0 |      33 |       0 |   0.0
        D:4 |     611 |      91 |  13.0 |      23 |       5 |  17.9
        D:5 |     784 |      81 |   9.4 |      16 |       5 |  23.8
        D:6 |    1253 |       0 |   0.0 |      26 |       0 |   0.0
        D:7 |     938 |    3471 |  78.7 |      21 |      18 |  46.2
        D:8 |    1214 |     340 |  21.9 |      18 |       1 |   5.3
        D:9 |    3701 |       0 |   0.0 |      27 |       0 |   0.0
       D:10 |    4529 |    2203 |  32.7 |      21 |      15 |  41.7
       D:11 |    2471 |    1339 |  35.1 |      14 |       7 |  33.3
       D:12 |    3050 |     551 |  15.3 |      12 |       9 |  42.9
       D:13 |    5683 |    6617 |  53.8 |      20 |      10 |  33.3
       D:14 |   11949 |    1481 |  11.0 |      24 |       1 |   4.0
       D:15 |   12405 |   12648 |  50.5 |      26 |      18 |  40.9
     Lair:1 |    5273 |    2436 |  31.6 |      24 |      10 |  29.4
     Lair:2 |    4090 |       0 |   0.0 |      16 |       0 |   0.0
     Lair:3 |    7512 |    2765 |  26.9 |      28 |      10 |  26.3
     Lair:4 |    6533 |     994 |  13.2 |      29 |       3 |   9.4
     Lair:5 |   14228 |    9366 |  39.7 |      50 |      32 |  39.0
    Swamp:1 |   14439 |    1660 |  10.3 |      27 |       1 |   3.6
    Swamp:2 |   11463 |       0 |   0.0 |      24 |       0 |   0.0
    Swamp:3 |   12262 |       0 |   0.0 |      27 |       0 |   0.0
    Swamp:4 |   19007 |   20811 |  52.3 |      32 |      31 |  49.2
   Spider:1 |   18065 |   20953 |  53.7 |      44 |      44 |  50.0
   Spider:2 |   16073 |   13591 |  45.8 |      48 |      24 |  33.3
   Spider:3 |    9742 |       0 |   0.0 |      22 |       0 |   0.0
   Spider:4 |   11557 |   17157 |  59.8 |      25 |      39 |  60.9
      Orc:1 |    4603 |    1641 |  26.3 |      24 |       2 |   7.7
      Orc:2 |    2543 |   16860 |  86.9 |      28 |      60 |  68.2
   Vaults:1 |   41134 |   40128 |  49.4 |      58 |      48 |  45.3
   Vaults:2 |   29665 |   23208 |  43.9 |      39 |      32 |  45.1
   Vaults:3 |   37515 |   18838 |  33.4 |      60 |      22 |  26.8
   Vaults:4 |   39019 |   37093 |  48.7 |      50 |      41 |  45.1
   Depths:1 |   32985 |     634 |   1.9 |      36 |       1 |   2.7
   Depths:2 |   18554 |       0 |   0.0 |      23 |       0 |   0.0
     WizLab |     835 |   32518 |  97.5 |       4 |      41 |  91.1
   Gauntlet |       0 |    4339 | 100.0 |       0 |      13 | 100.0
            +---------+---------+-------+---------+---------+-------
